 Dungeon Crawl Stone Soup version 0.20-a0-261-gcb1eca7 (webtiles) character file.

861781 patrickswayze the Acrobat (level 27, -47/233 HPs)
             Began as a Human Chaos Knight on Dec 3, 2016.
             Killed from afar by a Hell Sentinel (72 damage)
             ... with an iron shot
             ... in Pandemonium on Dec 4, 2016.
             The game lasted 04:55:10 (92572 turns).

patrickswayze the Acrobat (Human Chaos Knight)     Turns: 92572, Time: 04:55:10

Health: -47/233    AC: 21    Str: 14    XL:     27
Magic:  23/23      EV: 31    Int: 26    God:    Xom [.*....]
Gold:   8021       SH:  0    Dex: 17    Spells: 9/26 levels left

rFire  + + .     SeeInvis .     a - +6 triple sword (holy)
rCold  + + .     Gourm    .     w - +1 leather armour of Daery {rF+ Regen+ rCorr}
rNeg   + + .     Faith    .     (shield currently unavailable)
rPois  +         Spirit   .     (helmet restricted)
rElec  .         Reflect  .     E - +1 cloak of Reoczin {rC+}
rCorr  +         Harm     .     B - +4 pair of gloves "Feoluz" {rN+ rCorr}
MR     +++++     Clarity  +     z - +2 pair of boots {Stlth+}
Stlth  ++........               o - amulet of regeneration
                                G - ring "Jiassut" {*Drain rN+ MR+ Slay+2}
                                l - ring "Hianery" {Wiz Int+2 Dex+2}

@: about to teleport, studying Stealth, repel missiles, drained
A: claws 1, horns 2, molten scales 1, clarity, clever 1, cold resistance 1, fire
resistance 1, magic resistance 3, sense surroundings 2, poison resistance,
regeneration 1, sturdy frame 1
}: 5/15 runes: decaying, serpentine, silver, golden, abyssal
a: Renounce Religion


You were in Pandemonium.
You worshipped Xom.
You were a plaything of Xom.
You were not hungry.

You visited 13 branches of the dungeon, and saw 63 of its levels.
You visited Pandemonium 1 time, and saw 1 of its levels.
You visited the Abyss 1 time.
You visited 1 bazaar.
You visited 1 ziggurat, and saw 3 of its levels.
You also visited: Sewer.

You collected 13491 gold pieces.
You spent 5470 gold pieces at shops.


Innate Abilities, Weirdness & Mutations

You have sharp fingernails.
You have a pair of horns on your head.
You are partially covered in molten scales. (AC +2)
You possess an exceptional clarity of mind.
Your mind is acute. (Int +2)
Your flesh is cold resistant. (rC+)
Your flesh is heat resistant. (rF+)
You are extremely resistant to the effects of hostile enchantments. (MR+++)
You passively map the area around you.
Your system is resistant to poisons. (rPois)
Your natural rate of healing is unusually fast.
Your movements are slightly less encumbered by armour. (ER -2)


   Skills:
 - Level 22.4(22.2) Fighting
 - Level 22.8(22.6) Long Blades
 - Level 22.0(21.8) Armour
 + Level 25.7(25.4) Dodging
 - Level 5.7(5.5) Charms
 - Level 19.5(19.3) Necromancy
 - Level 21.4(21.2) Transmutations
 - Level 12.0(11.8) Air Magic


You had 9 spell levels left.
You knew the following spells:

 Your Spells              Type           Power        Failure   Level  Hunger
c - Regeneration          Chrm/Necr      ######....   1%          3    ####...
l - Necromutation         Tmut/Necr      #######...   10%         8    #######
r - Repel Missiles        Chrm/Air       #####.       1%          2    ###....
s - Swiftness             Chrm/Air       #####...     1%          2    ###....
v - Blink                 Tloc           N/A          9%          2    ###....

Inventory:

Hand Weapons
 a - a +6 triple sword of holy wrath (weapon)
 b - the +6 scimitar of Flaming Death {sticky flame, rPois rF++ rC- MR+}
   (You bought it in a shop in a bazaar)

   It has been specially enchanted to burn those struck by it, causing extra
   injury to most foes and up to half again as much damage against particularly
   susceptible opponents.
   Big, fiery blades are also staple armaments of hydra-hunters.
   It greatly protects you from fire.
   It makes you vulnerable to cold.
   It protects you from poison.
   It affects your resistance to hostile enchantments.
Missiles
 r - 1778 stones (quivered)
 X - a throwing net
Armour
 w - the +1 leather armour of Daery (worn) {rF+ Regen+ rCorr}
   (You found it on level 10 of the Dungeon)

   It protects you from fire.
   It increases your rate of regeneration.
   It protects you from acid and corrosion.
 z - a +2 pair of boots of stealth (worn)
 A - the cursed +1 leather armour "Liyj" {-Tele rN+ Str+5, unknown}
   (You found it on level 7 of the Iron City of Dis)

   It affects your strength (+5).
   It protects you from negative energy.
   It prevents most forms of teleportation.
   It has a curse placed upon it.
 B - the +4 pair of gloves "Feoluz" (worn) {rN+ rCorr}
   (You acquired it on level 2 of the Snake Pit)

   It protects you from negative energy.
   It protects you from acid and corrosion.
 E - the +1 cloak of Reoczin (worn) {rC+}
   (You acquired it on level 5 of the Vaults)

   It protects you from cold.
Jewellery
 l - the ring "Hianery" (left hand) {Wiz Int+2 Dex+2}
   (You bought it in a shop in a bazaar)

   [ring of wizardry]

   It improves your spell success rate.
   It affects your intelligence (+2).
   It affects your dexterity (+2).
 o - an amulet of regeneration (around neck)
 D - the cursed ring of Deuchub {rF+ EV+3 Dex+3}
   (You took it off a draconian knight on level 1 of the Realm of Zot)

   [ring of evasion]

   It affects your evasion (+3).
   It affects your dexterity (+3).
   It protects you from fire.
   It has a curse placed upon it.
 G - the ring "Jiassut" (right hand) {*Drain rN+ MR+ Slay+2}
   (You found it on level 3 of the Crypt)

   [ring of positive energy]

   It affects your accuracy and damage with ranged weapons and melee attacks
   (+2).
   It protects you from negative energy.
   It affects your resistance to hostile enchantments.
   It causes draining when unequipped.
 H - the amulet of the Four Winds {rN+ MR+++ Clar}
   (You took it off a vault guard on level 5 of the Vaults)

   [amulet of nothing]

   It protects you from negative energy.
   It affects your resistance to hostile enchantments.
   It protects you against confusion.
 N - an uncursed ring of see invisible
Wands
 e - a wand of hasting (0/9)
 h - a wand of teleportation (0/9)
 q - a wand of digging (16/24)
 t - a wand of teleportation (1/9)
 C - a wand of heal wounds (0/9)
 V - a wand of digging (16/24)
Scrolls
 d - 24 scrolls of remove curse
 m - 4 scrolls of summoning
 s - 10 scrolls of fog
 x - 8 scrolls of enchant armour
 K - 6 scrolls of magic mapping
 Q - a scroll of fear
 R - 3 scrolls of holy word
 W - 8 scrolls of amnesia
Potions
 f - a potion of invisibility
 g - 11 potions of brilliance
 i - 6 potions of haste
 k - 5 potions of cure mutation {!q}
 n - 3 potions of cancellation
 u - 4 potions of magic
 y - 4 potions of might
 I - 2 potions of ambrosia
 L - 15 potions of lignification {!q}
 P - 9 potions of flight
 S - 21 potions of curing
 T - 2 potions of agility
 U - 2 potions of berserk rage {!q}
 Z - 6 potions of resistance
Books
 J - a manual of Stealth
Miscellaneous
 M - the horn of Geryon
 O - a figurine of a ziggurat
Comestibles
 c - 43 bread rations
 j - 54 fruits
 v - 40 meat rations


Message History

The Executioner completely misses you.
The Executioner hits you but does no damage.
The Executioner completely misses you. The Executioner misses you.
You riposte.
You slash the Executioner!
The Executioner convulses!
Your headbutt misses the Executioner.
The Executioner is moderately wounded.
The Executioner barely misses you.
The Executioner hits you but does no damage.
Sienuxt sneers, "Taste defeat, thou tasty repast!"
Sienuxt hits you!
* * * LOW HITPOINT WARNING * * *
You blink.
The Ice Fiend calls on the powers of darkness!
The emperor scorpion convulses!
Your body is wracked with pain!
* * * LOW HITPOINT WARNING * * *
The infernal corrupter calls forth creatures from the Snake Pit!
The Executioner gestures.
The Hell Sentinel gestures at you. The iron shot hits you!
You die...
Xom titters!

, ,*
,............... ,
...N.6...........! ,
,.21..9............,
, .........3.......}
, ,
.....s6..21(...... ,
,
,........1.25.....!
* ..........5X(5....
, *........1.4.3..#
, ,*....6.%@&61R(..#
........1..6...# *
** *################


You could see Sienuxt, a Hell Sentinel, an emperor scorpion, 2 Tzitzimimeh, an
Ice Fiend, a cacodemon, a hell beast, a nagaraja, a green death, 2 demonspawn, a
gelid black sun (berserk), 2 Executioners, a rakshasa, 2 demonspawn, a war
gargoyle, a large abomination, 2 ynoxinuls, a chaos spawn, 3 dancing weapons and
3 ufetubi.

Vanquished Creatures
  7 ancient liches
  An orb of fire (Zot:3)
  Mara (Depths:3)
  Mennas (Crypt:1)
  3 juggernauts
  28 greater mummies
  Frederick (Vaults:2)
  Margery (Depths:4)
  2 curse toes (Zot:3)
  Saint Roka (Depths:3)
  Boris (twice) (Depths:3 Crypt:1)
  3 caustic shrikes (Depths:3)
  Nikola (Depths:1)
  15 golden dragons
  Geryon (Hell)
  A bone dragon (Abyss:3)
  2 electric golems
  A hellephant (Vaults:5)
  4 iron giants
  16 tentacled monstrosities
  10 liches
  3 Hell Sentinels
  An Ice Fiend (Dis:7)
  6 Orb Guardians (Zot:5)
  2 quicksilver dragons (shapeshifter)
  Rupert (D:14)
  3 deep elf blademasters (Elf:3)
  Asterion (Depths:2)
  6 titans
  6 quicksilver dragons
  9 ancient champions
  3 deep elf master archers (Elf:3)
  11 sphinxes
  8 tengu reavers
  2 thorn hunters (Swamp:1)
  12 storm dragons
  11 death cobs
  4 tentacled starspawn (Abyss:3)
  6 shadow dragons
  6 draconian monks
  4 revenants
  10 fire giants
  5 ghost moths
  17 deep elf sorcerers
  8 nagarajas
  5 draconian knights
  Aizul (Elf:1)
  11 frost giants
  3 draconian scorchers
  2 balrugs
  3 iron dragons (Dis:7)
  8 vault wardens
  4 draconian shifters
  2 curse skulls (Crypt:3)
  8 ghouls
  The ghost of stickyfingers the Brawler, a journeyman TrAM of Hepliaklqana (Orc:2)
  13 large abominations
  Louise (Depths:5)
  15 ironheart preservers
  19 reapers
  7 deep elf elementalists
  22 stone giants
  23 very ugly things
  5 draconian annihilators
  3 spriggan defenders
  10 war gargoyles
  5 green draconians
  An entropy weaver (Vaults:5)
  4 bennus (Tomb:2)
  13 yellow draconians
  8 vampire knights
  5 black draconians
  A dire elephant (Vaults:5)
  16 starcursed masses (Abyss:3)
  9 white draconians
  3 lorocyprocas
  13 deep elf annihilators
  7 deep elf demonologists
  13 red draconians
  9 purple draconians
  6 spark wasps (Depths:4)
  13 ettins
  16 eidola
  Josephine (Lair:6)
  31 mummy priests
  14 deep elf death magi
  5 crystal guardians
  10 fire dragons
  3 quicksilver dragon zombies
  2 minotaurs
  10 deep elf high priests
  27 yaktaur captains
  12 great orbs of eyes
  22 jiangshi
  16 ice dragons
  A great orb of eyes (shapeshifter) (Abyss:3)
  The ghost of stickyfingers the Basher, a journeyman CeFE of Ashenzari (D:10)
  29 vault guards
  19 hydras
  4 rakshasas
  13 naga warriors
  2 quicksilver dragon skeletons (Hell)
  Erica (D:8)
  5 spriggan air magi
  2 hell beasts (Dis:7)
  26 anacondas
  3 ghost crabs
  A catoblepas (Lair:6)
  2 death knights
  10 centaur warriors
  17 dancing weapons
  20 ogre magi
  11 tengu warriors
  11 vampire magi
  2 death yaks (Lair:6)
  5 deep troll shamans
  8 small abominations
  11 hell hogs
  9 alligators
  73 death scarabs
  3 deep troll earth magi
  A hell hog (shapeshifter) (Vaults:5)
  18 thrashing horrors (Abyss:3)
  A queen ant (Vaults:2)
  9 orc high priests (Orc:2)
  4 shock serpents
  20 naga sharpshooters
  6 spriggan berserkers
  A titan zombie (Crypt:1)
  4 iron trolls
  39 hell knights
  8 sun demons
  30 skeletal warriors
  An iron golem (Dis:5)
  11 soul eaters
  16 deep elf knights
  5 shadow wraiths
  3 titan skeletons
  3 sixfirhies
  3 salamander mystics (Snake:4)
  2 storm dragon zombies
  4 anaconda zombies
  A sea snake (Snake:1)
  6 wretched stars (Abyss:3)
  2 golden dragon zombies
  An unseen horror (shapeshifter) (Depths:2)
  A glowing orange brain (Abyss:3)
  3 storm dragon skeletons
  4 spriggan druids
  A death drake (shapeshifter) (Depths:5)
  21 deep trolls
  12 unseen horrors
  10 naga ritualists
  12 swamp dragons
  9 wizards
  A gelid demonspawn (Orc:2)
  8 flayed ghosts
  A ghost moth zombie (Dis:5)
  A shadow demon (Dis:5)
  A torturous demonspawn (Orc:2)
  A golden dragon skeleton (Crypt:3)
  2 lindwurms
  4 anaconda skeletons
  2 shadow dragon zombies
  An obsidian statue (Depths:1)
  An orange crystal statue (D:14)
  A harpy (shapeshifter) (Depths:1)
  17 ironbrand convokers
  37 deep elf magi
  A shambling mangrove (Swamp:1)
  12 deep elf archers
  23 orc knights
  6 wolf spider zombies
  17 phantasmal warriors
  26 necromancers
  7 hill giants
  17 mana vipers
  A frost giant zombie (Tomb:1)
  An orb spider (Abyss:2)
  3 fire giant zombies
  A shadow dragon skeleton (Tomb:1)
  3 wolf spiders
  An iron dragon zombie (Dis:6)
  12 orc sorcerers
  24 ugly things
  A salamander (shapeshifter) (Vaults:5)
  A shining eye (Abyss:3)
  19 salamanders
  3 stone giant skeletons
  4 fire giant skeletons
  An iron dragon skeleton (Crypt:2)
  26 moths of wrath
  2 stone giant zombies
  9 cyclopes
  12 guardian serpents
  4 frost giant skeletons
  A shock serpent zombie (Crypt:3)
  An ice statue (D:9)
  13 rust devils
  6 elephants (Lair:6)
  A hell hog skeleton (Crypt:2)
  22 spiny frogs
  65 black mambas
  Psyche (D:9)
  2 guardian serpents (shapeshifter)
  7 smoke demons
  23 naga magi
  8 dire elephant zombies
  A torpor snail (Lair:6)
  4 orange demons
  2 dire elephant skeletons (Crypt:3)
  14 vault sentinels
  A human zombie (Vaults:4)
  A water nymph (shapeshifter) (Elf:3)
  A gargoyle (D:10)
  A kobold demonologist (Abyss:2)
  3 hellions
  18 freezing wraiths
  18 hellwings
  A rime drake (shapeshifter) (Vaults:2)
  7 rime drakes
  An alligator snapping turtle skeleton (Crypt:1)
  A yaktaur (shapeshifter) (Abyss:3)
  3 efreet
  4 ancient zymes (Abyss:3)
  2 komodo dragons (shapeshifter)
  65 yaktaurs
  A catoblepas skeleton (Crypt:3)
  9 ice devils
  An emperor scorpion zombie (Tomb:1)
  14 tormentors
  A catoblepas zombie (Crypt:3)
  54 guardian mummies
  4 tengu conjurers
  8 komodo dragons
  6 red devils
  A human skeleton (Vaults:5)
  A queen bee (D:9)
  8 trolls
  5 tyrant leeches
  4 jumping spiders
  A merfolk (shapeshifter) (Vaults:5)
  2 hydra zombies
  27 two-headed ogres
  9 polar bears (Lair:6)
  2 queen bees (shapeshifter)
  3 wind drakes (shapeshifter)
  A tyrant leech (shapeshifter) (Abyss:3)
  A wind drake (Lair:2)
  9 hornets
  A hornet (shapeshifter) (Vaults:4)
  9 bog bodies
  A minotaur skeleton (Crypt:3)
  A hippogriff (shapeshifter) (Depths:2)
  2 harpy skeletons
  An ettin zombie (Crypt:3)
  A two-headed ogre (shapeshifter) (Vaults:2)
  10 blink frogs
  3 ice dragon zombies
  3 fire dragon zombies
  A tengu simulacrum (Vaults:2)
  17 raiju
  67 slime creatures
  5 dream sheep
  A hydra skeleton (Hell)
  A stone giant simulacrum (Vaults:3)
  A meliai zombie (D:12)
  9 hippogriffs
  A fire giant simulacrum (Vaults:5)
  A redback (shapeshifter) (Vaults:5)
  A vampire (Abyss:3)
  An alligator zombie (Hell)
  3 air elementals
  35 flying skulls
  A tarantella (Vaults:5)
  3 ettin skeletons
  10 redbacks
  6 spriggans
  A human (shapeshifter) (Depths:2)
  A tarantella (shapeshifter) (Snake:3)
  A guardian serpent skeleton (Crypt:2)
  17 ushabtiu
  3 fire dragon skeletons
  A wyvern (D:15)
  An alligator skeleton (Hell)
  5 shadows
  3 ynoxinuls
  15 water elementals
  18 wraiths
  A basilisk (shapeshifter) (Depths:5)
  9 fire elementals
  A golden eye (shapeshifter) (Vaults:3)
  19 humans (D:13)
  48 yaks
  7 basilisks
  5 hungry ghosts
  5 chaos spawn
  15 vampire mosquitoes
  2 human simulacra
  17 swamp worms
  69 nagas
  A neqoxec (Abyss:3)
  A soldier ant (shapeshifter) (Depths:2)
  18 wargs
  3 acid dragons
  A naga (shapeshifter) (Snake:3)
  23 hell hounds
  9 insubstantial wisps (Swamp:3)
  31 water moccasins
  6 porcupines
  2 spiny frog zombies (Crypt:3)
  2 floating eyes
  A hydra simulacrum (Hell)
  3 spiny frog skeletons
  12 black bears
  An eye of draining (shapeshifter) (Depths:2)
  10 swamp drakes
  Purgy (Sewer)
  54 orc warriors
  2 sky beasts
  An eye of draining (D:13)
  2 ice beasts
  An ice dragon simulacrum (Hell)
  An elf zombie (Vaults:4)
  9 boggarts
  3 necrophages
  31 wolves
  21 centaurs
  80 ogres
  5 phantoms
  A swamp dragon skeleton (Crypt:1)
  2 snapping turtle skeletons
  10 crocodiles
  A manticore skeleton (Hell)
  2 big kobolds
  21 bullfrogs
  4 earth elementals
  5 scorpions
  8 wyvern skeletons (Crypt:3)
  22 killer bees
  A snapping turtle simulacrum (Tomb:2)
  7 howler monkeys
  23 wights
  6 electric eels
  7 crimson imps
  A wolf zombie (Crypt:2)
  6 centaur zombies
  3 bullfrog zombies
  3 hounds (D:8)
  4 quasits
  8 centaur skeletons
  3 bullfrog skeletons
  25 iron imps
  16 jellies
  37 orc priests
  A porcupine zombie (Crypt:2)
  3 iguanas
  10 worker ants
  41 orc wizards
  An ogre zombie (Dis:5)
  A naga zombie (Crypt:3)
  2 tengu skeletons
  A big kobold skeleton (Crypt:2)
  2 ogre skeletons
  2 hound skeletons
  A crocodile skeleton (Crypt:1)
  40 mummies
  A howler monkey zombie (Crypt:1)
  A worker ant zombie (D:7)
  15 adders
  2 river rats (D:6)
  3 shadow imps
  2 white imps (Depths:3)
  An ufetubus (Depths:3)
  2 oozes
  An adder skeleton (D:7)
  An adder zombie (D:8)
  3 worms
  A dart slug (D:3)
  3 leopard geckos
  116 orcs
  8 giant cockroaches
  2 goblins (D:3)
  4 hobgoblins
  14 jackals
  3 quokkas
  3 ball pythons
  10 bats
  10 frilled lizards
  A hobgoblin skeleton (Crypt:2)
  19 kobolds
  A leopard gecko skeleton (D:5)
  2 orc skeletons (Tomb:1)
  11 rats
  2 fire vortices
  A lurking horror (Abyss:3)
  4 starspawn tentacles (Abyss:3)
3427 creatures vanquished.

Vanquished Creatures (collateral kills)
  A greater mummy (Tomb:1)
  A vault warden (Vaults:4)
  A fire giant (Vaults:5)
  An ironheart preserver (Vaults:4)
  A very ugly thing (Vaults:5)
  An ettin (Vaults:5)
  A hydra (Swamp:4)
  A vault guard (Vaults:4)
  A rakshasa (Vaults:2)
  An alligator (Swamp:1)
  3 death scarabs (Tomb:1)
  2 shock serpents
  A deep troll (Vaults:5)
  An orc knight (Vaults:2)
  3 deep elf magi
  An ugly thing (Depths:2)
  A slime creature (Swamp:1)
  A guardian serpent (Snake:4)
  A black mamba (Lair:6)
  A spiny frog (Lair:6)
  2 naga magi (Snake:4)
  A rime drake (Lair:2)
  2 yaktaurs
  A guardian mummy (Tomb:1)
  A merfolk (shapeshifter) (D:12)
  A hornet (Depths:5)
  A two-headed ogre (Vaults:3)
  A blink frog (Lair:5)
  A dream sheep (Lair:6)
  A spriggan (Depths:5)
  A warg (Vaults:2)
  A naga (Snake:4)
  A swamp drake (Swamp:4)
  3 centaurs (D:12)
  A bullfrog (D:12)
  A crimson imp (Depths:3)
  An orc priest (Vaults:4)
  An orc wizard (D:12)
  A mummy (Tomb:3)
  4 orcs
52 creatures vanquished.

Vanquished Creatures (others)
  A lich (Depths:4)
  A fire giant (Depths:1)
  2 ghost moths
  A draconian knight (Zot:4)
  A vault warden (Vaults:5)
  A war gargoyle (Vaults:4)
  A very ugly thing (Depths:2)
  A purple draconian (Zot:4)
  2 white draconians
  A hydra (Swamp:4)
  A hell hog (Hell)
  7 dancing weapons
  45 death scarabs
  An anaconda zombie (Tomb:2)
  A swamp dragon (Swamp:4)
  2 necromancers
  2 deep elf magi
  3 ball lightnings (Snake:2)
  2 guardian serpents (Snake:4)
  A frost giant skeleton (Tomb:3)
  A yaktaur (Vaults:5)
  2 guardian mummies
  A merfolk (shapeshifter) (Vaults:5)
  A slime creature (Depths:1)
  2 fire dragon skeletons
  10 flying skulls
  2 yaks (Lair:6)
  A hell hound (Dis:7)
  A naga (Snake:4)
  3 water moccasins (Snake:4)
  A swamp drake (Swamp:4)
  An orc warrior (Orc:2)
  A wolf (D:4)
  An ogre (Depths:2)
  A wight (Vaults:2)
  An orc priest (Orc:2)
  2 orc wizards
  2 mummies (Tomb:2)
  4 adders
  An orc (Orc:2)
  3 ball pythons (Snake:4)
  A frilled lizard (D:1)
  2 briar patches (Swamp:1)
  A fire vortex (D:12)
  16 fungi
  2 lurking horrors
  35 plants
  6 starspawn tentacles (Abyss:3)
  6 toadstools (Swamp:1)
  4 withered plants (Crypt:3)
192 creatures vanquished.

Grand Total: 3671 creatures vanquished

Notes
Turn   | Place    | Note
-------+----------+-------------------------------------------
     0 | D:1      | patrickswayze the Human Chaos Knight began the quest for the Orb.
     0 | D:1      | Reached XP level 1. HP: 18/18 MP: 1/1
   110 | D:1      | XOM: butterfly on damage
   112 | D:1      | Reached XP level 2. HP: 14/24 MP: 2/2
   159 | D:1      | XOM: divination: magic mapping
   526 | D:1      | XOM: harmless Ice miscast
   670 | D:1      | Reached XP level 3. HP: 29/29 MP: 3/3
   780 | D:2      | Found a deep blue altar of Sif Muna.
  1009 | D:2      | Found a sparkling altar of Nemelex Xobeh.
  1060 | D:2      | Found a sacrificial altar of Ru.
  1065 | D:2      | XOM: enchant monster (good)
  1066 | D:2      | Reached XP level 4. HP: 14/35 MP: 4/4
  1487 | D:2      | Reached XP level 5. HP: 39/41 MP: 5/5
  1721 | D:3      | Found a shimmering altar of Xom.
  2069 | D:3      | Found a shadowy altar of Dithmenos.
  2135 | D:3      | Found a hide-covered altar of Uskayaw.
  2159 | D:3      | Noticed an ogre
  2159 | D:3      | XOM: potion effect (brilliance)
  2162 | D:3      | Killed an ogre
  2162 | D:3      | Reached skill level 6 in Long Blades
  2162 | D:3      | Reached XP level 6. HP: 47/47 MP: 6/6
  2268 | D:3      | XOM: harmless Pois miscast
  2407 | D:4      | XOM: noise
  2415 | D:4      | Noticed an ogre
  2419 | D:4      | XOM: smoke on damage
  2434 | D:4      | XOM: harmless Summ miscast
  2441 | D:4      | Noticed an ogre
  2445 | D:4      | XOM: cast spell 'Leda's Liquefaction'
  2632 | D:4      | Found a blossoming altar of Fedhas.
  2734 | D:4      | XOM: butterfly on damage
  2743 | D:4      | XOM: summons friendly crimson imp
  2965 | D:4      | XOM: mild Pois miscast
  3199 | D:4      | Reached XP level 7. HP: 50/52 MP: 7/7
  3305 | D:4      | Found a staircase to the Ecumenical Temple.
  3363 | D:4      | XOM: mild Summ miscast
  3390 | D:4      | XOM: scenery: create altars
  3392 | D:4      | XOM: cast spell 'Metabolic Englaciation'
  3569 | D:4      | XOM: summons friendly quasit
  3575 | D:4      | XOM: polymorph ogre -> wolf
  3582 | D:4      | XOM: god gift: sparkling copper ring {god gift}
  3583 | D:4      | XOM: divine lightning (protected)
  3590 | D:4      | XOM: fog
  3594 | D:4      | XOM: cleaving
  3626 | D:4      | XOM: scenery: create altars
  3669 | D:4      | XOM: enchant monster (good)
  3954 | D:4      | Got a sparkling copper ring {god gift}
  4035 | D:4      | Found a bloodstained altar of Trog.
  4039 | D:4      | Found a snail-covered altar of Cheibriados.
  4047 | D:4      | XOM: give mutations
  4047 | D:4      | Gained mutation: You have a pair of small horns on your head. [Xom's grace]
  4047 | D:4      | Gained mutation: Your flesh is cold resistant. (rC+) [Xom's grace]
  4047 | D:4      | Gained mutation: Your flesh is heat resistant. (rF+) [Xom's grace]
  4047 | D:4      | Gained mutation: You have sharp toenails. [Xom's grace]
  4070 | D:4      | Identified the ring "Curpha Odesche" {AC+3 Str+4 Dex+2} (Xom gifted it to you on level 4 of the Dungeon)
  4110 | D:4      | Identified Xom's Tome of patrickswayze's Death (Xom gifted it to you on level 4 of the Dungeon)
  4110 | D:4      | XOM: god gift: Xom's Tome of patrickswayze's Death
  4229 | D:5      | Entered Level 5 of the Dungeon
  4235 | D:5      | XOM: scenery: create altars
  4269 | D:4      | XOM: scenery: create altars
  4353 | D:5      | XOM: scenery: create altars
  4370 | D:5      | Got a slimy plate armour
  4379 | D:5      | XOM: fake destruction
  4385 | D:5      | XOM: smoke on damage
  4391 | D:5      | XOM: 4-stop teleportation journey
  4416 | D:5      | Identified the +9 plate armour "Apsuanib" {rF+} (You took it off an orc on level 5 of the Dungeon)
  4583 | D:5      | XOM: 3-stop teleportation journey
  4629 | D:5      | Found a shattered altar of Ashenzari.
  4675 | D:5      | Reached XP level 8. HP: 58/58 MP: 8/8
  4740 | D:5      | Reached skill level 9 in Long Blades
  4781 | D:5      | Found a shimmering altar of Xom.
  4941 | D:6      | Found a glowing drain.
  4975 | Sewer    | Entered a sewer
  4976 | Sewer    | XOM: 1-stop teleportation journey
  5077 | Sewer    | Noticed Purgy
  5089 | Sewer    | Killed Purgy
  5235 | D:6      | XOM: cloud trail
  5320 | D:6      | XOM: god gift: 1510 gold pieces
  5539 | D:7      | Reached XP level 9. HP: 58/63 MP: 9/9
  5615 | D:7      | XOM: cloud trail
  5660 | D:7      | Reached skill level 3 in Armour
  6251 | D:7      | XOM: harmless Conj miscast
  6408 | D:8      | Noticed Erica
  6408 | D:8      | XOM: mild Fire miscast
  6412 | D:8      | XOM: potion effect (haste)
  6417 | D:8      | XOM: summons 2 hostile shadow creatures
  6430 | D:8      | XOM: give mutations
  6430 | D:8      | Gained mutation: Armour fits poorly on your strangely shaped body. [Xom's mischief]
  6430 | D:8      | Gained mutation: Your muscles are strong. (Str +2) [Xom's mischief]
  6442 | D:8      | Killed Erica
  6442 | D:8      | Reached skill level 12 in Long Blades
  6442 | D:8      | Reached XP level 10. HP: 50/70 MP: 10/10
  6457 | D:8      | XOM: chaos upgrade
  6483 | D:8      | XOM: harmless Ice miscast
  6599 | D:8      | Found Duppele's Distillery.
  6627 | D:8      | Reached skill level 6 in Armour
  6654 | D:8      | XOM: mild Tmut miscast
  6692 | D:8      | Bought a potion of curing for 42 gold pieces
  6692 | D:8      | Bought a potion of berserk rage for 70 gold pieces
  6692 | D:8      | Bought a potion of curing for 42 gold pieces
  6692 | D:8      | Bought a potion of haste for 140 gold pieces
  6692 | D:8      | Bought a potion of curing for 42 gold pieces
  6692 | D:8      | Bought a potion of heal wounds for 70 gold pieces
  6692 | D:8      | Bought a potion of agility for 56 gold pieces
  6713 | D:8      | XOM: mild Hex miscast
  6722 | D:8      | XOM: summons 3 hostile shadow creatures
  6734 | D:8      | XOM: 1-stop teleportation journey
  6797 | D:8      | XOM: mild Necr miscast
  7018 | D:8      | Found a staircase to the Lair.
  7062 | D:8      | XOM: stat loss: -1 Int (12/13)
  7103 | Lair:1   | Entered Level 1 of the Lair of Beasts
  7103 | Lair:1   | Noticed a spiny frog
  7112 | Lair:1   | Killed a spiny frog
  7213 | Lair:1   | Noticed a komodo dragon
  7235 | Lair:1   | Killed a komodo dragon
  7235 | Lair:1   | Reached skill level 9 in Armour
  7355 | Lair:1   | XOM: mild Divn miscast
  7357 | Lair:1   | XOM: harmless Pois miscast
  7369 | Lair:1   | XOM: harmless Hex miscast
  7382 | Lair:1   | Noticed a rime drake
  7382 | Lair:1   | HP: 9/70 [rime drake/flash freeze (17)]
  7389 | Lair:1   | Killed a rime drake
  7450 | Lair:1   | XOM: harmless Erth miscast
  7745 | Lair:1   | XOM: divination: magic mapping
  7756 | Lair:1   | Reached XP level 11. HP: 71/75 MP: 11/11
  7806 | Lair:1   | XOM: divination: magic mapping
  7911 | Lair:1   | XOM: cloud trail
  8048 | Lair:1   | You fall through a shaft!
  8056 | Lair:2   | XOM: divination: detect creatures
  8057 | Lair:2   | XOM: summons friendly iron imp
  8074 | Lair:2   | XOM: fake destruction
  8092 | Lair:2   | XOM: give mutations
  8092 | Lair:2   | Gained mutation: You are resistant to hostile enchantments. (MR+) [Xom's grace]
  8092 | Lair:2   | Gained mutation: Your muscles are very strong. (Str +4) [Xom's grace]
  8092 | Lair:2   | Gained mutation: You are resistant to electric shocks. (rElec) [Xom's grace]
  8421 | Lair:2   | XOM: give mutations
  8421 | Lair:2   | Gained mutation: You have razor-sharp toenails. [Xom's grace]
  8421 | Lair:2   | Gained mutation: Your flesh is very cold resistant. (rC++) [Xom's grace]
  8421 | Lair:2   | Gained mutation: You are robust. (+10% HP) [Xom's grace]
  8421 | Lair:2   | Gained mutation: You are covered in fur. (AC +1) [Xom's grace]
  8469 | Lair:2   | XOM: severe Tloc miscast
  8491 | Lair:2   | XOM: smoke on damage
  8786 | Lair:2   | XOM: 2-stop teleportation journey
  8803 | Lair:2   | XOM: medium Air miscast
  8837 | Lair:2   | XOM: mild Tmut miscast
  8843 | Lair:2   | XOM: swap monsters
  8857 | Lair:2   | XOM: potion effect (heal wounds)
  9137 | Lair:2   | XOM: polymorph yak -> wind drake
  9140 | Lair:2   | XOM: swap monsters
  9144 | Lair:2   | Reached skill level 12 in Armour
  9276 | Lair:2   | Found a staircase to the Snake Pit.
  9620 | Lair:2   | XOM: harmless Conj miscast
 10369 | Lair:3   | Reached XP level 12. HP: 61/89 MP: 12/12
 10599 | Lair:3   | Noticed a seven-headed hydra
 10607 | Lair:3   | XOM: divination: detect creatures
 10609 | Lair:3   | XOM: cast spell 'Spider Form'
 10610 | Lair:3   | XOM: noise
 10617 | Lair:3   | XOM: summons friendly quasit
 10639 | Lair:3   | XOM: harmless Tloc miscast
 10663 | Lair:3   | XOM: cast spell 'Metabolic Englaciation'
 10665 | Lair:3   | XOM: mild Summ miscast
 10684 | Lair:3   | Killed a two-headed hydra
 10686 | Lair:3   | XOM: enchant monster (good)
 10745 | Lair:3   | XOM: harmless Summ miscast
 11056 | Lair:3   | XOM: god gift: 38 gold pieces
 11499 | Lair:1   | XOM: divination: detect items
 11673 | Lair:1   | Noticed a six-headed hydra
 11675 | Lair:1   | XOM: cast spell 'Ice Form'
 11697 | Lair:1   | XOM: summons friendly iron imp
 11707 | Lair:1   | XOM: summons 2 hostile demons
 11728 | Lair:1   | XOM: summons 4 hostile shadow creatures
 11731 | Lair:1   | Killed a one-headed hydra
 12188 | Lair:1   | XOM: god gift: scroll labeled HECALU DYADIC {god gift}
 12276 | Lair:4   | Found a staircase to the Swamp.
 12405 | Lair:4   | Reached skill level 15 in Long Blades
 12407 | Lair:4   | XOM: confuse monster(s)
 12823 | Lair:4   | XOM: harmless Necr miscast
 12929 | Lair:4   | Found an iron altar of Okawaru.
 13136 | Lair:4   | XOM: divination: detect items
 13368 | Lair:4   | XOM: god gift: 13 royal jellies
 13521 | Lair:5   | XOM: 9-stop teleportation journey
 13525 | Lair:5   | XOM: summons friendly shadow imp
 13528 | Lair:5   | XOM: scenery: create altars
 13614 | Lair:5   | XOM: scenery: create altars
 13652 | Lair:5   | XOM: scenery: create altars
 13663 | Lair:5   | XOM: harmless Conj miscast
 13733 | Lair:5   | XOM is BORED!
 13733 | Lair:5   | XOM: medium Fire miscast
 13744 | Lair:5   | XOM: cast spell 'Summon Hydra'
 13855 | Lair:5   | XOM: enchant monster (good)
 13857 | Lair:5   | XOM: noise
 13863 | Lair:4   | Reached XP level 13. HP: 85/94 MP: 13/13
 13970 | Lair:5   | XOM: blink monster(s)
 13987 | Lair:5   | Found a staircase to the Slime Pits.
 14061 | Lair:5   | XOM: silly message
 14311 | Lair:5   | XOM: harmless Chrm miscast
 14552 | Lair:5   | Noticed a seven-headed hydra
 14768 | Lair:5   | XOM: confusion (+ monsters)
 14780 | Lair:5   | Killed a four-headed hydra
 14972 | Lair:6   | Entered Level 6 of the Lair of Beasts
 14975 | Lair:6   | XOM: blink monster(s)
 15094 | Lair:6   | XOM: silly message
 15154 | Lair:6   | XOM: potion effect (agility)
 15163 | Lair:6   | XOM: mild Chrm miscast
 15311 | Lair:6   | XOM: 1-stop teleportation journey
 15312 | Lair:6   | XOM: confuse monster(s)
 15342 | Lair:6   | XOM: 4-stop teleportation journey
 15343 | Lair:6   | Noticed Josephine
 15598 | Lair:6   | XOM: god gift: translucent scale mail {god gift}
 15599 | Lair:6   | Got a translucent scale mail {god gift}
 15600 | Lair:6   | Identified the +7 scale mail of the Hunter {Slay+3} (Xom gifted it to you on level 6 of the Lair of Beasts)
 15650 | Lair:6   | XOM: enchant monster (good)
 15667 | Lair:6   | XOM: harmless Pois miscast
 15874 | Lair:6   | XOM: divine lightning (protected)
 15983 | Lair:6   | Killed Josephine
 16019 | Lair:6   | XOM: cleaving
 16023 | Lair:6   | XOM: scenery: create altars
 16046 | Lair:6   | XOM: confuse monster(s)
 16063 | Lair:6   | XOM: swap monsters
 16070 | Lair:6   | XOM: confusion
 16072 | Lair:6   | XOM: cleaving
 16073 | Lair:6   | XOM: enchant monster (bad)
 16084 | Lair:6   | XOM: 1-stop teleportation journey
 16104 | Lair:5   | HP: 18/94 [xom (15)]
 16104 | Lair:5   | XOM: torment (18/94 hp)
 16467 | Lair:6   | XOM: 2-stop teleportation journey
 16492 | Lair:6   | XOM: severe Necr miscast
 16562 | Lair:6   | XOM: smoke on damage
 16567 | Lair:6   | XOM: mild Air miscast
 16625 | Lair:6   | Reached skill level 18 in Long Blades
 16632 | Lair:6   | XOM: summons 6 hostile demons
 16634 | Lair:6   | XOM: blink monster(s)
 16636 | Lair:6   | XOM: stat loss: -1 Int (14/15)
 16823 | Lair:6   | XOM: mild Air miscast
 16837 | Lair:6   | XOM: mild Summ miscast
 16931 | Lair:6   | XOM: give mutations
 16931 | Lair:6   | Gained mutation: You possess an exceptional clarity of mind. [Xom's grace]
 16931 | Lair:6   | Gained mutation: You are surrounded by a mild repulsion field. (EV +2) [Xom's grace]
 16931 | Lair:6   | Gained mutation: You are partially covered in rugged brown scales. (AC +1, +3% HP) [Xom's grace]
 16985 | Lair:6   | Reached XP level 14. HP: 100/102 MP: 14/14
 17033 | Lair:6   | XOM: noise
 17042 | Lair:6   | XOM: noise
 17062 | Lair:6   | XOM: medium Conj miscast
 17068 | Lair:6   | XOM: enchant monster (bad)
 17087 | Lair:6   | XOM: swap monsters
 17117 | Lair:6   | XOM: enchant monster (bad)
 17127 | Lair:6   | XOM: enchant monster (good)
 17507 | Lair:6   | XOM: enchant monster (good)
 17520 | Lair:6   | XOM: silly message
 18384 | Lair:6   | XOM: enchant monster (good)
 18544 | Lair:6   | XOM: enchant monster (bad)
 18571 | Lair:6   | XOM: cast spell 'Summon Hydra'
 18621 | Lair:6   | XOM: potion effect (might)
 18625 | Lair:6   | XOM: potion effect (agility)
 18627 | Lair:6   | XOM: polymorph death yak -> minotaur
 18641 | Lair:6   | XOM: give mutations
 18641 | Lair:6   | Gained mutation: You are very robust. (+20% HP) [Xom's grace]
 18641 | Lair:6   | Gained mutation: Your spells are a little harder to cast, but a little more powerful. [Xom's grace]
 18641 | Lair:6   | Gained mutation: You have claws for feet. [Xom's grace]
 18641 | Lair:6   | Gained mutation: You passively map a small area around you. [Xom's grace]
 18648 | Lair:6   | XOM: harmless Tmut miscast
 18661 | Lair:6   | XOM: confuse monster(s)
 18715 | Lair:6   | Learned a level 2 spell: Repel Missiles
 18719 | Lair:6   | Learned a level 3 spell: Regeneration
 18722 | Lair:6   | Learned a level 2 spell: Swiftness
 18922 | Lair:3   | XOM: 1-stop teleportation journey
 19002 | Lair:1   | XOM: give mutations
 19002 | Lair:1   | Gained mutation: You passively map the area around you. [Xom's grace]
 19002 | Lair:1   | Gained mutation: You are highly resistant to hostile enchantments. (MR++) [Xom's grace]
 19002 | Lair:1   | Gained mutation: Your natural rate of healing is unusually fast. [Xom's grace]
 19002 | Lair:1   | Gained mutation: You are extremely resistant to the effects of hostile enchantments. (MR+++) [Xom's grace]
 19093 | D:9      | Found a basalt altar of Yredelemnul.
 19128 | D:9      | Noticed Psyche
 19172 | D:9      | Killed Psyche
 19182 | D:9      | XOM: cast spell 'Ring of Flames'
 19253 | D:9      | XOM: scenery: create altars
 19511 | D:9      | XOM: 5-stop teleportation journey
 19631 | D:9      | XOM: god gift: 58 gold pieces
 19782 | D:10     | Entered Level 10 of the Dungeon
 19881 | D:10     | XOM: give mutation
 19881 | D:10     | Gained mutation: Your mind is acute. (Int +2) [Xom's grace]
 19886 | D:10     | XOM: god gift: twisted brass wand {god gift}
 20134 | D:10     | Noticed stickyfingers's ghost (journeyman CeFE)
 20150 | D:10     | Killed stickyfingers's ghost
 20168 | D:10     | Found a staircase to the Orcish Mines.
 20262 | D:10     | Found Uwyhu's Weapon Shop.
 20351 | D:10     | Found a bloodstained altar of Trog.
 20544 | D:10     | Got a heavily runed leather armour
 20594 | D:10     | Identified the +1 leather armour of Daery {rF+ Regen+ rCorr} (You found it on level 10 of the Dungeon)
 20648 | D:10     | XOM: scenery: create altars
 20676 | Orc:1    | Entered Level 1 of the Orcish Mines
 20694 | Orc:1    | Found a roughly hewn altar of Beogh.
 20694 | Orc:1    | XOM: 4-stop teleportation journey
 20701 | Orc:1    | XOM: cleaving
 20705 | Orc:1    | XOM: confuse monster(s)
 20743 | D:10     | XOM: god gift: 38 gold pieces
 20801 | Orc:1    | XOM: scenery: create altars
 20907 | Orc:1    | Reached XP level 15. HP: 109/117 MP: 15/15
 21113 | Orc:2    | Entered Level 2 of the Orcish Mines
 21113 | Orc:2    | Found a staircase to the Elven Halls.
 21118 | Orc:2    | XOM: summons 3 friendly demons
 21127 | Orc:1    | XOM: divination: magic mapping
 21129 | Orc:1    | XOM: enchant monster (bad)
 21292 | Orc:1    | XOM: give mutations
 21292 | Orc:1    | Lost mutation: You have a pair of small horns on your head. [Xom's mischief]
 21292 | Orc:1    | Lost mutation: Your muscles are very strong. (Str +4) [Xom's mischief]
 21292 | Orc:1    | Lost mutation: You possess an exceptional clarity of mind. [Xom's mischief]
 21297 | Orc:1    | XOM: swap monsters
 21434 | Orc:2    | Noticed stickyfingers's ghost (journeyman TrAM)
 21438 | Orc:2    | XOM: scenery: create altars
 21823 | Orc:2    | Found Othin's Food Emporium.
 21823 | Orc:2    | XOM: 1-stop teleportation journey
 21828 | Orc:2    | XOM: chaos upgrade
 21833 | Orc:2    | Found Esioschoa's General Store.
 21841 | Orc:2    | XOM: scenery: create altars
 21854 | Orc:2    | XOM: destruction
 21866 | Orc:2    | XOM: scenery: create altars
 21887 | Orc:2    | XOM: summons 3 friendly demons
 21930 | Orc:2    | XOM: noise
 22226 | Orc:2    | XOM: fog
 22229 | Orc:2    | Killed stickyfingers's ghost
 22229 | Orc:2    | Reached skill level 6 in Fighting
 22530 | Orc:2    | XOM: destruction
 22615 | Orc:2    | XOM: blink monster(s)
 22634 | Orc:2    | XOM: enchant monster (good)
 22671 | Orc:2    | XOM: summons 3 friendly demons
 22676 | Orc:2    | XOM: fake destruction
 22704 | Orc:2    | XOM: confuse monster(s)
 22705 | Orc:2    | XOM: polymorph red devil -> chaos spawn
 22753 | Orc:2    | XOM: summons 3 friendly demons
 22772 | Orc:2    | XOM: summons friendly quasit
 22791 | Orc:2    | Reached skill level 9 in Fighting
 22823 | Orc:2    | Found Seneed's Antique Weapon Shop.
 22823 | Orc:2    | Found a one-way gate leading to the halls of Pandemonium.
 22823 | Orc:2    | Found Pepis's Gadget Boutique.
 22851 | Orc:2    | Bought a wand of hasting (5/9) for 864 gold pieces
 22851 | Orc:2    | Bought a wand of digging (11/24) for 480 gold pieces
 22886 | Orc:2    | Bought a meat ration for 65 gold pieces
 22886 | Orc:2    | Bought a bread ration for 65 gold pieces
 22886 | Orc:2    | Bought a bread ration for 65 gold pieces
 22886 | Orc:2    | Bought a bread ration for 65 gold pieces
 22886 | Orc:2    | Bought 3 fruits for 58 gold pieces
 22886 | Orc:2    | Bought a meat ration for 65 gold pieces
 22886 | Orc:2    | Bought 4 fruits for 78 gold pieces
 22886 | Orc:2    | Bought a meat ration for 65 gold pieces
 22886 | Orc:2    | Bought a meat ration for 65 gold pieces
 23195 | Elf:1    | XOM: noise
 23195 | Elf:1    | Entered Level 1 of the Elven Halls
 23222 | Elf:1    | XOM: summons 2 friendly demons
 23226 | Elf:1    | HP: 4/138 [deep elf knight/stone arrow (37)]
 23324 | D:11     | XOM: mild Ice miscast
 23367 | D:11     | XOM: harmless Conj miscast
 23388 | D:11     | Found a hazy altar of Hepliaklqana.
 23396 | D:11     | Reached skill level 1 in Air Magic
 23666 | D:11     | XOM: harmless Divn miscast
 23808 | D:11     | Reached skill level 3 in Air Magic
 24119 | D:12     | XOM: mild Fire miscast
 24322 | D:12     | XOM: cast spell 'Summon Dragon'
 24329 | D:12     | Reached XP level 16. HP: 91/150 MP: 16/16
 24337 | D:12     | XOM: polymorph cyclops -> merfolk
 24506 | D:12     | XOM: harmless Air miscast
 25011 | D:13     | XOM: potion effect (invisibility)
 25014 | D:13     | XOM: potion effect (agility)
 25218 | D:13     | XOM: harmless Ice miscast
 25262 | D:13     | XOM: potion effect (experience)
 25262 | D:13     | Reached XP level 17. HP: 157/157 MP: 17/17
 25411 | D:13     | Reached skill level 6 in Air Magic
 25588 | D:13     | XOM: enchant monster (good)
 25592 | D:13     | XOM: scenery: 3 doors close
 25600 | D:13     | XOM: summons friendly white imp
 25682 | D:13     | XOM: blink monster(s)
 25688 | D:13     | XOM: enchant monster (bad)
 25763 | D:12     | XOM: harmless Fire miscast
 25989 | D:13     | XOM: noise
 26015 | D:13     | Found a gate to the Vaults.
 26481 | D:14     | XOM: harmless Hex miscast
 26505 | D:14     | XOM: give mutations
 26505 | D:14     | Lost mutation: Your flesh is very cold resistant. (rC++) [Xom's mischief]
 26505 | D:14     | Lost mutation: Your mind is acute. (Int +2) [Xom's mischief]
 26538 | D:14     | Reached skill level 9 in Air Magic
 26706 | D:14     | XOM: medium Divn miscast
 26717 | D:14     | XOM: medium Hex miscast
 26865 | D:14     | Noticed Rupert
 26873 | D:14     | Killed Rupert
 26952 | D:14     | XOM: torment (80/157 hp)
 27115 | D:14     | XOM: summons 1 hostile demon
 27133 | D:15     | Entered Level 15 of the Dungeon
 27170 | D:15     | XOM: noise
 27183 | D:15     | Found a white marble altar of Elyvilon.
 27224 | D:15     | XOM: summons 1 hostile demon
 27411 | D:15     | Found a staircase to the Depths.
 27426 | D:15     | XOM: chaos upgrade
 27430 | D:15     | XOM: repel stairs
 27436 | D:15     | XOM: harmless Chrm miscast
 27455 | D:15     | XOM: harmless Pois miscast
 27771 | D:15     | XOM: cloud trail
 27999 | D:15     | XOM: enchant monster (bad)
 28318 | Lair:3   | XOM: god gift: 9 gold pieces
 28350 | Swamp:1  | Entered Level 1 of the Swamp
 28350 | Swamp:1  | XOM: summons 8 friendly demons
 28355 | Swamp:1  | XOM: confuse monster(s)
 28359 | Swamp:1  | Noticed a thorn hunter
 28361 | Swamp:1  | XOM: scenery: create altars
 28365 | Swamp:1  | XOM: smoke on damage
 28390 | Swamp:1  | Killed a thorn hunter
 28532 | Swamp:1  | XOM: harmless Divn miscast
 28601 | Swamp:1  | XOM: confusion (+ monsters)
 28623 | Swamp:1  | Reached skill level 12 in Air Magic
 28631 | Swamp:1  | Reached skill level 1 in Necromancy
 28632 | Swamp:1  | Noticed a thorn hunter
 28655 | Swamp:1  | Killed a thorn hunter
 28655 | Swamp:1  | Reached XP level 18. HP: 66/164 MP: 18/18
 28779 | Swamp:1  | Reached skill level 3 in Necromancy
 28869 | Swamp:1  | XOM: medium Air miscast
 29455 | Swamp:2  | XOM: summons 5 hostile demons
 29606 | Swamp:2  | XOM: swap monsters
 29652 | Swamp:2  | XOM: 1-stop teleportation journey
 29752 | Swamp:2  | XOM: mild Fire miscast
 29769 | Swamp:2  | XOM: severe Conj miscast
 29835 | Swamp:2  | XOM: enchant monster (good)
 30074 | Swamp:2  | XOM: summons 9 hostile demons
 30087 | Swamp:2  | XOM: enchant monster (bad)
 30092 | Swamp:2  | Reached skill level 6 in Necromancy
 30708 | Swamp:3  | XOM: polymorph alligator -> minotaur
 30760 | Swamp:3  | XOM: summons 4 hostile demons
 30837 | Swamp:3  | XOM: give mutations
 30837 | Swamp:3  | Lost mutation: You have claws for feet. [Xom's mischief]
 30837 | Swamp:3  | Lost mutation: Your spells are a little harder to cast, but a little more powerful. [Xom's mischief]
 30837 | Swamp:3  | Lost mutation: You are extremely resistant to the effects of hostile enchantments. (MR+++) [Xom's mischief]
 30837 | Swamp:3  | Lost mutation: You are highly resistant to hostile enchantments. (MR++) [Xom's mischief]
 30914 | Swamp:3  | XOM: god gift: 15 gold pieces
 30975 | Swamp:3  | XOM: summons 2 hostile demons
 30979 | Swamp:3  | XOM: 4-stop teleportation journey
 31212 | Swamp:3  | Identified the Collected Works on Cloudy Ice
 31301 | Swamp:3  | XOM: summons 3 hostile demons
 31355 | Swamp:4  | Entered Level 4 of the Swamp
 31477 | Swamp:4  | XOM: smoke on damage
 31676 | Swamp:4  | XOM: give mutations
 31676 | Swamp:4  | Lost mutation: Armour fits poorly on your strangely shaped body. [Xom's mischief]
 31676 | Swamp:4  | Lost mutation: Your flesh is heat resistant. (rF+) [Xom's mischief]
 31676 | Swamp:4  | Lost mutation: You are covered in fur. (AC +1) [Xom's mischief]
 31747 | Swamp:4  | XOM: summons 5 friendly demons
 31752 | Swamp:4  | XOM: summons 1 hostile demon
 31779 | Swamp:4  | XOM: divination: magic mapping
 31780 | Swamp:4  | XOM: destruction
 31813 | Swamp:4  | Reached skill level 12 in Fighting
 31831 | Swamp:4  | XOM: cast spell 'Dragon Form'
 31985 | Swamp:4  | XOM: smoke on damage
 32154 | Swamp:4  | Got a decaying rune of Zot
 32346 | Snake:1  | Entered Level 1 of the Snake Pit
 32415 | Snake:1  | XOM: polymorph naga ritualist -> swamp dragon
 32424 | Snake:1  | XOM: cast spell 'Death Channel'
 32424 | Snake:1  | HP: 29/175 [naga warrior/glaive (26)]
 32547 | Snake:1  | XOM: polymorph naga -> ice beast
 33018 | Snake:1  | XOM: enchant monster (good)
 33271 | Snake:1  | Reached XP level 19. HP: 185/185 MP: 19/19
 33278 | Snake:1  | XOM: divine lightning
 33410 | Snake:1  | XOM: divination: detect items
 33429 | Snake:1  | XOM: god gift: scimitar {god gift}
 33616 | Snake:1  | XOM: fog
 33628 | Snake:1  | XOM: polymorph anaconda -> sea snake
 33634 | Snake:1  | XOM: cast spell 'Shadow Creatures'
 33662 | Snake:1  | XOM: fake destruction
 33680 | Snake:1  | XOM: fog
 33774 | Snake:1  | XOM: potion effect (brilliance)
 33844 | Snake:1  | XOM: mild Hex miscast
 33942 | Snake:1  | XOM: scenery: create altars
 34047 | Snake:2  | XOM: confuse monster(s)
 34136 | Snake:2  | Identified the +4 pair of gloves "Feoluz" {rN+ rCorr} (You acquired it on level 2 of the Snake Pit)
 34322 | Snake:2  | Reached skill level 15 in Fighting
 34324 | Snake:2  | XOM: fog
 34328 | Snake:2  | XOM: scenery: create altars
 34354 | Snake:2  | Found Lokkiss's Luxury Loot.
 34402 | Snake:2  | XOM: fake destruction
 34518 | Snake:2  | HP: 33/190 [naga mage/orb of energy (24)]
 34681 | Snake:2  | XOM: cast spell 'Conjure Ball Lightning'
 34790 | Snake:2  | XOM: summons 4 hostile shadow creatures
 34826 | Snake:1  | XOM: confusion
 34980 | Snake:2  | XOM: harmless Air miscast
 34983 | Snake:2  | XOM: blink monster(s)
 35262 | Snake:3  | XOM: medium Tloc miscast
 35285 | Snake:3  | XOM: give mutations
 35285 | Snake:3  | Lost mutation: You are resistant to hostile enchantments. (MR+) [Xom's mischief]
 35285 | Snake:3  | Lost mutation: Your muscles are strong. (Str +2) [Xom's mischief]
 35382 | Snake:3  | XOM: medium Ice miscast
 35499 | Snake:3  | XOM: polymorph black mamba -> jumping spider
 35517 | Snake:3  | XOM: polymorph naga warrior -> hell hog
 35613 | Snake:3  | XOM: chaos cloud
 35616 | Snake:3  | Paralysed by you for 3 turns
 35787 | Snake:3  | XOM: god gift: slice of pizza
 35994 | Snake:3  | XOM: god gift: 46 gold pieces
 36034 | Snake:3  | Gained mutation: You are partially covered in slimy green scales. (AC +2) [potion of beneficial mutation]
 36457 | Snake:3  | XOM: give mutation
 36482 | Snake:3  | Found Jennenox's General Store.
 36528 | Snake:4  | Entered Level 4 of the Snake Pit
 36532 | Snake:4  | XOM: divination: magic mapping
 36561 | Snake:4  | XOM: polymorph naga warrior -> redback
 36600 | Snake:4  | Found a runed gate.
 36600 | Snake:4  | Found a runed gate.
 36600 | Snake:4  | Found a runed gate.
 36643 | Snake:4  | XOM: chaos upgrade
 36658 | Snake:4  | Found a bloodstained altar of Trog.
 36658 | Snake:4  | XOM: 1-stop teleportation journey
 36679 | Snake:4  | XOM: enchant monster (bad)
 36699 | Snake:4  | HP: 32/195 [naga ritualist/scimitar of venom (17)]
 36971 | Snake:4  | XOM: swap monsters
 37083 | Snake:4  | XOM: medium Chrm miscast
 37090 | Snake:4  | XOM: draining
 37276 | Snake:4  | XOM: cleaving
 37288 | Snake:3  | Reached XP level 20. HP: 141/206 MP: 20/20
 37303 | Snake:4  | XOM: fake destruction
 37308 | Snake:4  | XOM: polymorph guardian serpent -> swamp dragon
 37314 | Snake:4  | XOM: swap monsters
 37339 | Snake:4  | XOM: summons 2 hostile shadow creatures
 37350 | Snake:4  | XOM: enchant monster (bad)
 37359 | Snake:4  | HP: 41/206 [poisoned by a nagaraja (splash of poison)]
 37364 | Snake:4  | HP: 39/206 [poisoned by a nagaraja (splash of poison)]
 37369 | Snake:4  | HP: 40/206 [poisoned by a nagaraja (splash of poison)]
 37377 | Snake:4  | HP: 40/206 [anaconda (3)]
 37383 | Snake:4  | HP: 41/206 [poisoned by a nagaraja (splash of poison)]
 37415 | Snake:4  | XOM: summons 2 hostile demons
 37487 | Snake:4  | XOM: 1-stop teleportation journey
 37492 | Snake:4  | XOM: chaos upgrade
 37510 | Snake:4  | HP: 41/206 [poisoned by a naga mage (poison arrow)]
 37515 | Snake:4  | HP: 36/206 [poisoned by a naga mage (poison arrow)]
 37520 | Snake:3  | HP: 38/206 [poisoned by a naga mage (poison arrow)]
 37686 | Snake:4  | XOM: swap monsters
 37872 | Snake:4  | XOM: divine lightning
 37873 | Snake:4  | XOM: polymorph naga -> rime drake
 37882 | Snake:3  | HP: 35/206 [nagaraja/mace (16)]
 37887 | Snake:3  | HP: 29/207 [poisoned by a naga (splash of poison)]
 37893 | Snake:3  | HP: 30/207 [poisoned by a naga (splash of poison)]
 37899 | Snake:3  | HP: 31/207 [poisoned by a naga (splash of poison)]
 37904 | Snake:3  | HP: 33/207 [poisoned by a naga (splash of poison)]
 37909 | Snake:3  | HP: 36/207 [poisoned by a naga (splash of poison)]
 37916 | Snake:3  | HP: 40/207 [poisoned by a naga (splash of poison)]
 38143 | Snake:4  | XOM: give mutations
 38143 | Snake:4  | Lost mutation: Your flesh is cold resistant. (rC+) [Xom's mischief]
 38143 | Snake:4  | Lost mutation: You are partially covered in slimy green scales. (AC +2) [Xom's mischief]
 38143 | Snake:4  | Lost mutation: You are very robust. (+20% HP) [Xom's mischief]
 38155 | Snake:4  | XOM: cloud trail
 38248 | Snake:4  | Reached skill level 18 in Fighting
 38272 | Snake:4  | XOM: harmless Tloc miscast
 38300 | Snake:4  | XOM: noise
 38320 | Snake:4  | XOM: cast spell 'Dragon Form'
 38346 | Snake:4  | XOM: noise
 38411 | Snake:4  | XOM: noise
 38735 | Snake:4  | XOM: blink monster(s)
 38769 | Snake:4  | XOM: blink monster(s)
 38782 | Snake:4  | XOM: harmless Erth miscast
 38834 | Snake:4  | XOM: enchant monster (bad)
 39038 | Snake:4  | XOM: swap monsters
 39060 | Snake:4  | XOM: summons 15 friendly demons
 39217 | Snake:4  | XOM: god gift: shield {god gift}
 39279 | Snake:4  | XOM: smoke on damage
 39439 | Snake:4  | XOM: scenery: create altars
 39533 | Snake:4  | XOM: confuse monster(s)
 39686 | Snake:4  | XOM: 1-stop teleportation journey
 39756 | Snake:4  | Got a serpentine rune of Zot
 39851 | Snake:4  | XOM: fake destruction
 39981 | Snake:4  | XOM: destruction
 40139 | Snake:4  | XOM: summons friendly quasit
 40181 | Snake:4  | XOM: give mutation
 40181 | Snake:4  | Gained mutation: You are partially covered in molten scales. (AC +2) [Xom's grace]
 40204 | Snake:4  | XOM: fog
 40220 | Snake:4  | XOM: confusion
 40402 | Snake:1  | XOM: give mutations
 40402 | Snake:1  | Gained mutation: You are resistant to hostile enchantments. (MR+) [Xom's grace]
 40402 | Snake:1  | Gained mutation: You are agile. (Dex +2) [Xom's grace]
 40402 | Snake:1  | Gained mutation: You are covered in fur. (AC +1) [Xom's grace]
 40606 | Vaults:1 | Entered Level 1 of the Vaults
 40651 | Vaults:1 | XOM: enchant monster (good)
 40659 | Vaults:1 | Reached XP level 21. HP: 151/205 MP: 15/21
 40662 | Vaults:1 | XOM: enchant monster (good)
 40747 | Vaults:1 | Learned a level 8 spell: Necromutation
 40833 | Vaults:1 | XOM: cloud trail
 40902 | Vaults:1 | XOM: divination: magic mapping
 41054 | Vaults:1 | XOM: enchant monster (good)
 41111 | Vaults:1 | XOM: silly message
 41246 | Vaults:1 | XOM: summons 3 friendly demons
 41264 | Vaults:1 | XOM: confuse monster(s)
 41512 | Vaults:1 | XOM: silly message
 41520 | Vaults:1 | XOM: blink monster(s)
 41521 | Vaults:1 | XOM: scenery: 1 doors open
 41637 | Vaults:1 | XOM: enchant monster (bad)
 41639 | Vaults:1 | XOM: enchant monster (good)
 41753 | Vaults:1 | XOM: chaos upgrade
 42109 | Vaults:1 | XOM: enchant monster (bad)
 42269 | Vaults:1 | XOM: noise
 42318 | Vaults:1 | XOM: smoke on damage
 42351 | Vaults:1 | XOM: confusion (+ monsters)
 42387 | Vaults:1 | XOM: confuse monster(s)
 42420 | Vaults:1 | XOM: confuse monster(s)
 42525 | Vaults:1 | XOM: summons friendly white imp
 42574 | Vaults:1 | XOM: silly message
 42757 | Vaults:1 | Reached skill level 21 in Fighting
 43022 | Vaults:2 | XOM: medium Hex miscast
 43083 | Vaults:2 | Noticed Frederick
 43085 | Vaults:2 | XOM: summons 14 friendly demons
 43092 | Vaults:2 | XOM: divination: detect items
 43096 | Vaults:2 | Killed Frederick
 43200 | Vaults:2 | XOM: blink monster(s)
 43209 | Vaults:2 | XOM: confusion (+ monsters)
 43259 | Vaults:2 | XOM: noise
 43260 | Vaults:2 | XOM: divination: detect items
 43283 | Vaults:2 | XOM: god gift: meat ration
 43296 | Vaults:2 | XOM: summons 2 friendly demons
 43486 | Vaults:2 | XOM: summons 4 friendly demons
 43487 | Vaults:2 | XOM: confuse monster(s)
 43608 | Vaults:2 | XOM: medium Divn miscast
 43610 | Vaults:2 | XOM: divine lightning (protected)
 43613 | Vaults:2 | XOM: scenery: 2 doors close
 43623 | Vaults:2 | XOM: divination: detect items
 43655 | Vaults:2 | Reached XP level 22. HP: 152/221 MP: 9/22
 43850 | Vaults:2 | Found a staircase to the Crypt.
 43851 | Vaults:2 | XOM: cleaving
 43853 | Vaults:2 | XOM: 8-stop teleportation journey
 43882 | Vaults:2 | XOM: confuse monster(s)
 43890 | Vaults:2 | XOM: harmless Necr miscast
 43940 | Vaults:2 | XOM: confuse monster(s)
 44159 | Vaults:2 | XOM: harmless Erth miscast
 44217 | Vaults:2 | XOM: polymorph yaktaur captain -> ghost moth
 44222 | Vaults:2 | XOM: scenery: 2 doors close
 44779 | Vaults:3 | XOM: cast spell 'Summon Ice Beast'
 44788 | Vaults:3 | XOM: summons 14 friendly demons
 44999 | Vaults:3 | XOM: give mutation
 44999 | Vaults:3 | Lost mutation: You are agile. (Dex +2) [Xom's mischief]
 45031 | Vaults:3 | XOM: smoke on damage
 45038 | Vaults:3 | XOM: 3-stop teleportation journey
 45113 | Vaults:3 | Identified Hudab's Compendium of Twisted Necromancy
 45250 | Vaults:3 | XOM: confusion (+ monsters)
 45627 | Vaults:3 | XOM: scenery: create altars
 46183 | Vaults:3 | XOM: summons friendly white imp
 46521 | Vaults:3 | XOM: potion effect (heal wounds)
 46611 | Vaults:4 | XOM: enchant monster (good)
 46613 | Vaults:4 | XOM: potion effect (brilliance)
 46635 | Vaults:4 | Reached skill level 21 in Long Blades
 46671 | Vaults:4 | XOM: noise
 46920 | Vaults:4 | XOM: blink monster(s)
 46924 | Vaults:4 | XOM: enchant monster (bad)
 46954 | Vaults:4 | XOM: harmless Tloc miscast
 47051 | Vaults:4 | XOM: enchant monster (good)
 47346 | Vaults:4 | Found Panwoimn's Armour Shop.
 47363 | Vaults:4 | XOM: scenery: 1 doors open
 47365 | Vaults:4 | XOM: enchant monster (good)
 47370 | Vaults:4 | XOM: divination: detect items
 47388 | Vaults:4 | XOM: potion effect (experience)
 47388 | Vaults:4 | Reached XP level 23. HP: 85/230 MP: 21/23
 47404 | Vaults:4 | Reached XP level 24. HP: 105/239 MP: 23/23
 47967 | Vaults:4 | XOM: harmless Air miscast
 47974 | Vaults:4 | XOM: potion effect (curing)
 48137 | Vaults:4 | HP: 41/239 [flayed ghost/flay_damage[a death knight] (23)]
 48316 | Vaults:4 | XOM: confuse monster(s)
 48318 | Vaults:4 | XOM: divination: magic mapping
 48327 | Vaults:4 | XOM: smoke on damage
 48381 | Vaults:4 | Identified the amulet of Uckuti {Harm *Drain rN++ Stlth-} (You found it on level 4 of the Vaults)
 48463 | Vaults:4 | Paralysed by an orc sorcerer for 4 turns
 48637 | Vaults:5 | Entered Level 5 of the Vaults
 48979 | Depths:1 | Entered Level 1 of the Depths
 48979 | Depths:1 | Found Ripa Moo's Magic Scroll Shoppe.
 48985 | Depths:1 | XOM: 1-stop teleportation journey
 48986 | Depths:1 | Noticed a golden dragon
 49002 | Depths:1 | XOM: scenery: create altars
 49005 | Depths:1 | XOM: fake destruction
 49020 | Depths:1 | Killed a golden dragon
 49026 | Depths:1 | XOM: confuse monster(s)
 49028 | Depths:1 | XOM: 8-stop teleportation journey
 49151 | Depths:1 | Noticed a golden dragon
 49161 | Depths:1 | XOM: enchant monster (good)
 49178 | Depths:1 | XOM: 5-stop teleportation journey
 49295 | Depths:1 | Noticed Nikola
 49295 | Depths:1 | Upgraded the game from 0.20-a0-259-gc929cd2 to 0.20-a0-261-gcb1eca7
 49321 | Depths:1 | Killed Nikola
 49447 | Depths:1 | XOM: summons 2 hostile demons
 49478 | Depths:1 | XOM: scenery: create altars
 49479 | Depths:1 | XOM: cleaving
 49497 | Depths:1 | Found a gateway to a bazaar.
 49514 | Bazaar   | Entered a bazaar
 49514 | Bazaar   | Found Uklilan's Antique Armour Shoppe.
 49514 | Bazaar   | Found Kifemiq's Distillery.
 49528 | Bazaar   | Found Vatt's General Store.
 49539 | Bazaar   | Found Jogeng Buta's Jewellery Emporium.
 49544 | Bazaar   | XOM: cloud trail
 49547 | Bazaar   | Bought the ring "Hianery" {Wiz Int+2 Dex+2} for 408 gold pieces
 49547 | Bazaar   | Found Hawn's Antique Weapon Emporium.
 49555 | Bazaar   | Bought the +6 scimitar of Flaming Death {sticky flame, rPois rF++ rC- MR+} for 1419 gold pieces
 49566 | Bazaar   | Bought a potion of curing for 39 gold pieces
 49566 | Bazaar   | Bought a potion of curing for 39 gold pieces
 49566 | Bazaar   | Bought a potion of heal wounds for 65 gold pieces
 49566 | Bazaar   | Bought a potion of haste for 130 gold pieces
 49566 | Bazaar   | Bought a potion of curing for 39 gold pieces
 49577 | Bazaar   | Bought a topaz-encrusted chain mail for 152 gold pieces
 49577 | Bazaar   | Bought a translucent chain mail for 152 gold pieces
 49577 | Bazaar   | Identified the +3 chain mail of Nisywn {-Cast rF+ MP+9} (You bought it in a shop in a bazaar)
 49578 | Bazaar   | Identified the +5 chain mail of Sovereignty {rElec MR+++ Str-3 Int-4} (You bought it in a shop in a bazaar)
 49749 | Depths:1 | XOM: summons 3 friendly demons
 49816 | Depths:1 | Bought a scroll of teleportation for 60 gold pieces
 49816 | Depths:1 | Bought a scroll of enchant armour for 150 gold pieces
 49816 | Depths:1 | Bought a scroll of enchant weapon for 150 gold pieces
 49816 | Depths:1 | Bought a scroll of identify for 40 gold pieces
 49816 | Depths:1 | Bought a scroll of identify for 40 gold pieces
 49816 | Depths:1 | Bought a scroll of recharging for 190 gold pieces
 49849 | Depths:1 | Identified the cursed +1 scale mail of the Everdark {rPois rCorr Str+3} (You found it on level 1 of the Depths)
 49962 | Depths:1 | Found a gateway to Hell.
 50023 | Depths:1 | XOM: confuse monster(s)
 50036 | Depths:1 | XOM: harmless Divn miscast
 50137 | Depths:1 | Found Nonawuol's General Store.
 50177 | Depths:1 | XOM: god gift: 67 gold pieces
 50242 | Depths:1 | Killed a golden dragon
 50432 | Depths:1 | XOM: harmless Conj miscast
 50512 | Depths:1 | Reached skill level 9 in Necromancy
 50517 | Depths:1 | XOM: summons friendly white imp
 50541 | Depths:1 | XOM: give mutations
 50541 | Depths:1 | Gained mutation: You are agile. (Dex +2) [Xom's grace]
 50541 | Depths:1 | Gained mutation: You passively map a large area around you. [Xom's grace]
 50541 | Depths:1 | Gained mutation: Your mind is acute. (Int +2) [Xom's grace]
 50541 | Depths:1 | Gained mutation: You have a pair of small horns on your head. [Xom's grace]
 50565 | Depths:1 | XOM: give mutations
 50565 | Depths:1 | Gained mutation: You are very robust. (+20% HP) [Xom's grace]
 50565 | Depths:1 | Gained mutation: You have very sharp teeth. [Xom's grace]
 50565 | Depths:1 | Gained mutation: Your mind is very acute. (Int +4) [Xom's grace]
 50565 | Depths:1 | Gained mutation: You possess an exceptional clarity of mind. [Xom's grace]
 50666 | Depths:1 | XOM: give mutations
 50666 | Depths:1 | Gained mutation: Your muscles are strong. (Str +2) [Xom's grace]
 50666 | Depths:1 | Gained mutation: You are highly resistant to hostile enchantments. (MR++) [Xom's grace]
 50666 | Depths:1 | Gained mutation: Your flesh is cold resistant. (rC+) [Xom's grace]
 50666 | Depths:1 | Gained mutation: Your spells are a little harder to cast, but a little more powerful. [Xom's grace]
 50697 | Depths:2 | XOM: divination: detect items
 50740 | Depths:2 | XOM: god gift: runed fustibalus {god gift}
 50747 | Depths:2 | XOM: summons friendly white imp
 51031 | Depths:2 | XOM: cloud trail
 51132 | Depths:2 | Found a hazy altar of Hepliaklqana.
 51132 | Depths:2 | XOM: 6-stop teleportation journey
 51178 | Depths:2 | XOM: divination: magic mapping
 51188 | Depths:2 | XOM: confuse monster(s)
 51195 | Depths:2 | XOM: cast spell 'Excruciating Wounds'
 51201 | Depths:2 | XOM: potion effect (berserk rage)
 51204 | Depths:2 | XOM: scenery: create altars
 51205 | Depths:2 | XOM: cleaving
 51260 | Depths:2 | Reached XP level 25. HP: 217/269 MP: 23/23
 51265 | Depths:2 | XOM: confuse monster(s)
 51373 | Depths:2 | XOM: confuse monster(s)
 51380 | Depths:2 | Noticed Asterion
 51385 | Depths:2 | XOM: polymorph great orb of eyes -> ettin
 51417 | Depths:2 | Killed Asterion
 51695 | Depths:2 | XOM: harmless Chrm miscast
 51809 | Depths:2 | XOM: silly message
 52038 | Depths:2 | Reached skill level 12 in Necromancy
 52098 | Depths:2 | XOM: summons 1 hostile demon
 52271 | Depths:2 | XOM: fake destruction
 52277 | Depths:2 | XOM: scenery: create altars
 52279 | Depths:2 | XOM: confuse monster(s)
 52285 | Depths:2 | XOM: 5-stop teleportation journey
 52316 | Depths:2 | XOM: god gift: long jewelled staff {god gift}
 52337 | Depths:2 | XOM: enchant monster (good)
 52524 | Depths:3 | XOM: divination: magic mapping
 52584 | Depths:3 | XOM: summons 4 hostile demons
 52587 | Depths:3 | XOM: polymorph white imp -> iron imp
 52708 | Depths:3 | Noticed Boris
 52719 | Depths:3 | Killed Boris
 52772 | Depths:3 | XOM: summons 7 hostile demons
 52872 | Depths:3 | Noticed Mara
 52873 | Depths:3 | XOM: summons friendly crimson imp
 52882 | Depths:3 | Noticed patrickswayze's illusion
 52884 | Depths:3 | Killed Mara
 52964 | Depths:3 | XOM: destruction
 53188 | Depths:3 | Noticed a caustic shrike
 53199 | Depths:3 | Killed a caustic shrike
 53231 | Depths:3 | XOM: potion effect (heal wounds)
 53251 | Depths:3 | XOM: harmless Tmut miscast
 53255 | Depths:3 | XOM: mild Chrm miscast
 53256 | Depths:3 | XOM: harmless Tmut miscast
 53293 | Depths:3 | XOM: smoke on damage
 53302 | Depths:3 | XOM: harmless Ice miscast
 53442 | Depths:3 | XOM: harmless Divn miscast
 53478 | Depths:3 | Noticed Saint Roka
 53485 | Depths:3 | Noticed a caustic shrike
 53491 | Depths:3 | XOM: cast spell 'Summon Ice Beast'
 53568 | Depths:3 | XOM: enchant monster (bad)
 53575 | Depths:3 | Killed a caustic shrike
 53577 | Depths:3 | XOM: harmless Necr miscast
 53613 | Depths:3 | XOM: enchant monster (bad)
 53620 | Depths:3 | XOM: mild Pois miscast
 53642 | Depths:3 | XOM: confuse monster(s)
 53767 | Depths:3 | Noticed a caustic shrike
 53799 | Depths:3 | Killed a caustic shrike
 53804 | Depths:3 | Reached XP level 26. HP: 210/277 MP: 21/23
 53820 | Depths:3 | Reached skill level 15 in Armour
 53964 | Depths:3 | Learned a level 2 spell: Blink
 54194 | Depths:3 | XOM: mild Necr miscast
 54276 | Depths:3 | XOM: harmless Tmut miscast
 54296 | Depths:3 | Killed Saint Roka
 54423 | Depths:2 | XOM: divination: magic mapping
 54489 | D:14     | XOM: harmless Necr miscast
 54518 | D:14     | Identified the +2 ice dragon scales of Fun {rElec rF- rC++} (You found it on level 14 of the Dungeon)
 54719 | Depths:4 | XOM: divination: magic mapping
 54909 | Depths:4 | XOM: potion effect (heal wounds)
 54910 | Depths:4 | XOM: potion effect (haste)
 54952 | Depths:4 | XOM: potion effect (haste)
 54969 | Depths:4 | XOM: potion effect (agility)
 55031 | Depths:4 | XOM: potion effect (heal wounds)
 55117 | Depths:4 | XOM: potion effect (might)
 55141 | Depths:4 | XOM: potion effect (haste)
 55151 | Depths:4 | Found Xiuclosh's Pet Rocks.
 55192 | Depths:4 | XOM: potion effect (might)
 55331 | Depths:4 | XOM: potion effect (berserk rage)
 55333 | Depths:4 | XOM: potion effect (brilliance)
 55348 | Depths:4 | XOM: potion effect (curing)
 55355 | Depths:4 | XOM: potion effect (might)
 55361 | Depths:4 | XOM: smoke on damage
 55435 | Depths:4 | XOM: fog
 55441 | Depths:4 | XOM: enchant monster (bad)
 55469 | Depths:4 | XOM: cast spell 'Death Channel'
 55498 | Depths:4 | XOM: summons 2 friendly demons
 55707 | Depths:4 | Found a one-way gate to the infinite horrors of the Abyss.
 55777 | Depths:4 | XOM: silly message
 55903 | Depths:4 | XOM: enchant monster (good)
 56091 | Depths:5 | Entered Level 5 of the Depths
 56104 | Depths:5 | Noticed Margery
 56124 | Depths:5 | Found a gateway to a ziggurat.
 56143 | Depths:5 | XOM: scenery: create altars
 56155 | Depths:5 | XOM: cleaving
 56439 | Depths:4 | XOM: summons friendly crimson imp
 56463 | Depths:5 | XOM: cast spell 'Call Canine Familiar'
 56475 | Depths:5 | XOM: confuse monster(s)
 56517 | Depths:5 | Noticed a juggernaut
 56530 | Depths:4 | Killed a juggernaut
 56574 | Depths:5 | XOM: polymorph fire giant -> iron troll
 56589 | Depths:4 | Reached skill level 18 in Armour
 56617 | Depths:4 | Killed Margery
 56784 | Depths:5 | XOM: enchant monster (good)
 57031 | Depths:5 | XOM: confuse monster(s)
 57039 | Depths:5 | Found a gate to the Realm of Zot.
 57048 | Depths:5 | XOM: potion effect (heal wounds)
 57075 | Depths:5 | XOM: summons friendly quasit
 57086 | Depths:5 | XOM: 1-stop teleportation journey
 57088 | Depths:5 | XOM: harmless Chrm miscast
 57110 | Depths:5 | XOM: noise
 57139 | Depths:5 | Reached XP level 27. HP: 235/286 MP: 23/23
 57273 | Depths:5 | XOM: god gift: wand of acid (?/15) {god gift}
 57321 | Depths:5 | XOM: harmless Pois miscast
 57330 | Depths:5 | XOM: cast spell 'Confusing Touch'
 57345 | Depths:5 | XOM: destruction
 57366 | Depths:5 | XOM: confuse monster(s)
 57441 | Depths:5 | Paralysed by a floating eye for 3 turns
 57525 | Depths:5 | Noticed Louise
 57538 | Depths:5 | Killed Louise
 57914 | Depths:4 | XOM: harmless Hex miscast
 58311 | Elf:1    | XOM: 4-stop teleportation journey
 58588 | Elf:1    | XOM: harmless Air miscast
 58605 | Elf:1    | Noticed Aizul
 58633 | Elf:1    | Killed Aizul
 58633 | Elf:1    | XOM: potion effect (curing)
 59008 | Elf:1    | XOM: enchant monster (good)
 59119 | Elf:1    | XOM: mild Air miscast
 59213 | Elf:1    | XOM: harmless Hex miscast
 59355 | Elf:2    | Found an ancient bone altar of Kikubaaqudgha.
 59357 | Elf:2    | XOM: potion effect (agility)
 59520 | Elf:2    | XOM: divination: detect items
 59522 | Elf:2    | Found a runed gate.
 59522 | Elf:2    | Found a runed gate.
 59522 | Elf:2    | Found a runed gate.
 59819 | Elf:2    | Identified the +2 robe "Pelarul" {+Inv} (You found it on level 2 of the Elven Halls)
 59951 | Elf:3    | Entered Level 3 of the Elven Halls
 60002 | Elf:3    | XOM: potion effect (agility)
 60023 | Elf:3    | XOM: divination: magic mapping
 60325 | Elf:3    | XOM: potion effect (haste)
 60481 | Elf:3    | XOM: mild Hex miscast
 60527 | Elf:3    | XOM: potion effect (invisibility)
 60872 | Elf:3    | XOM: silly message
 60910 | Elf:3    | XOM: fog
 60913 | Elf:3    | XOM: cleaving
 61015 | Elf:3    | XOM: cleaving
 61089 | Elf:3    | Reached skill level 21 in Armour
 61202 | Elf:3    | XOM: scenery: create altars
 61243 | Elf:3    | XOM: god gift: 19 stones
 61631 | Elf:3    | XOM: enchant monster (good)
 61636 | Elf:3    | XOM: destruction
 61955 | Elf:3    | Got a blackened large shield
 61963 | Elf:3    | XOM: enchant monster (good)
 62200 | Elf:3    | Identified the Handbook of Ashen Dislocation
 62619 | Crypt:1  | Entered Level 1 of the Crypt
 62952 | Elf:3    | XOM: medium Conj miscast
 63246 | D:12     | XOM: medium Chrm miscast
 63359 | Crypt:1  | XOM: mild Fire miscast
 63387 | Crypt:1  | Reached skill level 2 in Dodging
 63435 | Crypt:1  | Noticed Boris
 63443 | Crypt:1  | Killed Boris
 63443 | Crypt:1  | Reached skill level 3 in Dodging
 63510 | Crypt:1  | XOM: mild Chrm miscast
 63527 | Crypt:1  | Noticed Mennas
 63669 | Crypt:1  | XOM: give mutations
 63669 | Crypt:1  | Lost mutation: Your spells are a little harder to cast, but a little more powerful. [Xom's mischief]
 63669 | Crypt:1  | Lost mutation: Your muscles are strong. (Str +2) [Xom's mischief]
 63669 | Crypt:1  | Lost mutation: You are surrounded by a mild repulsion field. (EV +2) [Xom's mischief]
 63669 | Crypt:1  | Lost mutation: You possess an exceptional clarity of mind. [Xom's mischief]
 63674 | Crypt:1  | Killed Mennas
 63674 | Crypt:1  | Reached skill level 5 in Dodging
 63915 | Crypt:1  | XOM: give mutation
 63915 | Crypt:1  | Lost mutation: You are very robust. (+20% HP) [Xom's mischief]
 63926 | Crypt:1  | XOM: mild Ice miscast
 63955 | Crypt:1  | XOM: mild Necr miscast
 63983 | Crypt:1  | Reached skill level 6 in Dodging
 64204 | Crypt:1  | XOM: mild Hex miscast
 64330 | Crypt:2  | Reached skill level 7 in Dodging
 64353 | Crypt:2  | XOM: harmless Ice miscast
 64520 | Crypt:2  | XOM: potion effect (haste)
 64521 | Crypt:2  | XOM: potion effect (experience)
 64535 | Crypt:2  | XOM: divination: detect creatures
 64540 | Crypt:2  | Reached skill level 8 in Dodging
 64619 | Crypt:2  | XOM: potion effect (curing)
 64707 | Crypt:2  | XOM: silly message
 64710 | Crypt:2  | Reached skill level 9 in Dodging
 64718 | Crypt:2  | XOM: potion effect (brilliance)
 64746 | Crypt:2  | XOM: potion effect (invisibility)
 64751 | Crypt:2  | Reached skill level 10 in Dodging
 64764 | Crypt:2  | XOM: potion effect (heal wounds)
 64765 | Crypt:2  | XOM: potion effect (brilliance)
 64768 | Crypt:2  | XOM: potion effect (heal wounds)
 64773 | Crypt:2  | XOM: potion effect (curing)
 64881 | Crypt:2  | XOM: harmless Necr miscast
 64942 | Crypt:2  | XOM: harmless Pois miscast
 65282 | Crypt:2  | Reached skill level 11 in Dodging
 65452 | Crypt:2  | XOM: noise
 65477 | Crypt:2  | XOM: summons 2 hostile demons
 65501 | Crypt:3  | Entered Level 3 of the Crypt
 65524 | Crypt:3  | XOM: mild Pois miscast
 65819 | Crypt:3  | Reached skill level 12 in Dodging
 65847 | Crypt:3  | XOM: swap monsters
 66061 | Crypt:3  | XOM: draining
 66086 | Crypt:3  | XOM: blink monster(s)
 66136 | Crypt:3  | XOM: confusion (+ monsters)
 66188 | Crypt:3  | XOM: potion effect (might)
 66202 | Crypt:3  | XOM: noise
 66217 | Crypt:3  | XOM: 4-stop teleportation journey
 66265 | Crypt:3  | Found a staircase to the Tomb.
 66285 | Crypt:3  | XOM: god gift: scroll of enchant armour
 66412 | Crypt:3  | Found an ancient bone altar of Kikubaaqudgha.
 66418 | Crypt:3  | Reached skill level 13 in Dodging
 66445 | Crypt:3  | XOM: scenery: 2 fountains blood, 1 doors close
 66450 | Crypt:3  | XOM: give mutation
 66450 | Crypt:3  | Gained mutation: Your system is resistant to poisons. (rPois) [Xom's grace]
 66589 | Crypt:3  | XOM: scenery: create altars
 66597 | Crypt:3  | Got a heavily runed bronze ring
 66597 | Crypt:3  | XOM: scenery: 1 doors close
 66610 | Crypt:3  | XOM: divine lightning
 66614 | Crypt:3  | Noticed an ancient lich
 66629 | Crypt:3  | Killed an ancient lich
 66629 | Crypt:3  | Reached skill level 14 in Dodging
 66639 | Crypt:3  | Identified the ring "Jiassut" {*Drain rN+ MR+ Slay+2} (You found it on level 3 of the Crypt)
 66641 | Crypt:3  | Identified the ring of Tafa {Ice MR+ Str+4 Stlth-} (You found it on level 3 of the Crypt)
 66645 | Crypt:3  | Identified the ring of the Tarantula {rPois rN+ Int+4 Stlth+} (You took it off a necromancer on level 3 of the Crypt)
 66656 | Crypt:3  | Identified Yneps's Compendium of Unholy Secrets
 66671 | Crypt:3  | Got a shadowed robe
 66764 | Crypt:3  | XOM: scenery: 1 fountains blood, 1 doors close
 66942 | Crypt:3  | XOM: cloud trail
 67328 | Crypt:3  | XOM: scenery: 1 doors close
 67508 | Crypt:3  | XOM: cloud trail
 67574 | Crypt:3  | XOM: fog
 67584 | Crypt:3  | Got a twisted leather armour
 67595 | Crypt:3  | Identified the +2 leather armour "Uladia Fybb" {-Tele rPois MR++ Dex+10} (You found it on level 3 of the Crypt)
 67669 | Crypt:3  | XOM: medium Fire miscast
 67827 | Crypt:3  | Reached skill level 15 in Dodging
 68097 | Vaults:5 | XOM: summons 4 friendly demons
 68106 | Vaults:5 | XOM: cast spell 'Confusing Touch'
 68111 | Vaults:5 | XOM: divine lightning
 68114 | Vaults:5 | XOM: fog
 68168 | Vaults:5 | XOM: fake destruction
 68171 | Vaults:5 | XOM: polymorph vault sentinel -> tarantella
 68192 | Vaults:5 | XOM: enchant monster (good)
 68208 | Vaults:5 | XOM: give mutations
 68208 | Vaults:5 | Lost mutation: You have razor-sharp toenails. [Xom's mischief]
 68208 | Vaults:5 | Lost mutation: You are covered in fur. (AC +1) [Xom's mischief]
 68208 | Vaults:5 | Lost mutation: You passively map a large area around you. [Xom's mischief]
 68208 | Vaults:5 | Lost mutation: You are resistant to electric shocks. (rElec) [Xom's mischief]
 68233 | Vaults:5 | XOM: chaos cloud
 68348 | Vaults:5 | Reached skill level 16 in Dodging
 68457 | Vaults:5 | XOM: summons friendly ufetubus
 68468 | Vaults:5 | XOM: severe Divn miscast
 68665 | Vaults:5 | XOM: confusion (+ monsters)
 68667 | Vaults:5 | XOM: polymorph vault warden -> dire elephant
 68679 | Vaults:5 | XOM: smoke on damage
 68708 | Vaults:5 | XOM: cleaving
 68710 | Vaults:5 | Noticed a juggernaut
 68710 | Vaults:5 | a golden dragon changed into a juggernaut
 68710 | Vaults:5 | XOM: polymorph golden dragon -> juggernaut
 68714 | Vaults:5 | XOM: harmless Ice miscast
 68716 | Vaults:5 | XOM: divination: detect items
 68727 | Vaults:5 | Killed a juggernaut
 68731 | Vaults:5 | XOM: polymorph vault warden -> stone giant
 68919 | Vaults:5 | Reached skill level 17 in Dodging
 68945 | Vaults:5 | XOM: enchant monster (good)
 68951 | Vaults:5 | XOM: summons friendly crimson imp
 68954 | Vaults:5 | XOM: cast spell 'Summon Horrible Things'
 68981 | Vaults:5 | XOM: scenery: create altars
 69044 | Vaults:5 | XOM: divination: detect items
 69118 | Vaults:5 | Found Satzemm's Assorted Antiques.
 69118 | Vaults:5 | XOM: 3-stop teleportation journey
 69175 | Vaults:5 | Identified the +1 cloak of Reoczin {rC+} (You acquired it on level 5 of the Vaults)
 69313 | Vaults:5 | Noticed an ancient lich
 69324 | Vaults:5 | XOM: summons 12 friendly demons
 69332 | Vaults:5 | Killed an ancient lich
 69370 | Vaults:5 | Noticed an ancient lich
 69393 | Vaults:5 | XOM: summons 2 friendly demons
 69396 | Vaults:5 | Killed an ancient lich
 69396 | Vaults:5 | Reached skill level 18 in Dodging
 69406 | Vaults:5 | XOM: scenery: create altars
 69425 | Vaults:5 | XOM: enchant monster (bad)
 69450 | Vaults:5 | XOM: polymorph vault guard -> ghost moth
 69736 | Vaults:5 | XOM: give mutations
 69736 | Vaults:5 | Gained mutation: You evolve. [Xom's grace]
 69736 | Vaults:5 | Gained mutation: You have razor-sharp toenails. [Xom's grace]
 69736 | Vaults:5 | Gained mutation: Your movements are slightly less encumbered by armour. (ER -2) [Xom's grace]
 69864 | Vaults:5 | XOM: destruction
 69926 | Vaults:5 | XOM: give mutations
 69926 | Vaults:5 | Lost mutation: You evolve. [Xom's grace]
 69926 | Vaults:5 | Gained mutation: You are somewhat resistant to further mutation. [Xom's grace]
 69926 | Vaults:5 | Gained mutation: You are very agile. (Dex +4) [Xom's grace]
 69926 | Vaults:5 | Gained mutation: You are somewhat resistant to both further mutation and mutation removal. [Xom's grace]
 69926 | Vaults:5 | Gained mutation: You are extremely resistant to the effects of hostile enchantments. (MR+++) [Xom's grace]
 69939 | Vaults:5 | XOM: give mutations
 69939 | Vaults:5 | Gained mutation: Your flesh is very cold resistant. (rC++) [Xom's grace]
 69939 | Vaults:5 | Gained mutation: You can translocate small distances at will. [Xom's grace]
 69939 | Vaults:5 | Gained mutation: You possess an exceptional clarity of mind. [Xom's grace]
 69948 | Vaults:5 | Reached skill level 19 in Dodging
 70061 | Vaults:5 | XOM: enchant monster (bad)
 70069 | Vaults:5 | XOM: swap monsters
 70119 | Vaults:5 | Got a silver rune of Zot
 70141 | Vaults:5 | XOM: give mutations
 70141 | Vaults:5 | Lost mutation: You can translocate small distances at will. [Xom's mischief]
 70141 | Vaults:5 | Lost mutation: You are robust. (+10% HP) [Xom's mischief]
 70141 | Vaults:5 | Lost mutation: You have razor-sharp toenails. [Xom's mischief]
 70141 | Vaults:5 | Lost mutation: You passively map the area around you. [Xom's mischief]
 70343 | Vaults:5 | XOM: polymorph golden dragon -> hellephant
 70496 | Vaults:5 | XOM: cleaving
 70722 | Vaults:5 | XOM: give mutation
 70722 | Vaults:5 | Gained mutation: You have a pair of horns on your head. [Xom's grace]
 70748 | Vaults:5 | XOM: 8-stop teleportation journey
 70880 | Vaults:5 | XOM: harmless Tloc miscast
 70907 | Vaults:5 | XOM: harmless Ice miscast
 71197 | Vaults:5 | XOM: harmless Necr miscast
 71233 | Vaults:5 | Identified the +5 scale mail "Deunuaga" {+Blink} (You took it off a vault guard on level 5 of the Vaults)
 71255 | Vaults:5 | XOM: harmless Necr miscast
 71270 | Vaults:5 | Identified the cursed +0 helmet of Ruqy {rF+ rCorr Str+5} (You found it on level 5 of the Vaults)
 71302 | Vaults:5 | XOM: harmless Pois miscast
 71532 | D:15     | XOM: cast spell 'Summon Ice Beast'
 71657 | Zot:1    | Entered Level 1 of the Realm of Zot
 71759 | Zot:1    | XOM: potion effect (might)
 71799 | Zot:1    | XOM: silly message
 72014 | Zot:1    | XOM: silly message
 72149 | Zot:1    | Reached skill level 9 in Transmutations
 72599 | Zot:2    | XOM: blink monster(s)
 72713 | Zot:1    | XOM: god gift: pair of runed boots {god gift}
 72806 | Zot:1    | Identified the ring of Deuchub {rF+ EV+3 Dex+3} (You took it off a draconian knight on level 1 of the Realm of Zot)
 72942 | Zot:2    | XOM: confuse monster(s)
 73010 | Zot:2    | XOM: chaos upgrade
 73219 | Zot:2    | XOM: swap monsters
 73285 | Zot:2    | Noticed an electric golem
 73296 | Zot:2    | XOM: divination: magic mapping
 73299 | Zot:2    | Killed an electric golem
 73379 | Zot:2    | Reached skill level 12 in Transmutations
 73387 | Zot:2    | XOM: give mutations
 73387 | Zot:2    | Gained mutation: You passively map the area around you. [Xom's grace]
 73387 | Zot:2    | Lost mutation: You have very sharp teeth. [Xom's grace]
 73387 | Zot:2    | Gained mutation: You have a beak for a mouth. [Xom's grace]
 73387 | Zot:2    | Gained mutation: You have a pair of large horns on your head. [Xom's grace]
 73393 | Zot:2    | XOM: summons 3 friendly demons
 73480 | Zot:2    | XOM: summons 4 friendly demons
 73553 | Zot:2    | XOM: divination: magic mapping
 74002 | Zot:2    | XOM: mild Air miscast
 74180 | Zot:3    | XOM: divination: detect creatures
 74329 | Zot:3    | XOM: medium Pois miscast
 74394 | Zot:3    | XOM: summons 3 friendly demons
 74422 | Zot:3    | XOM: noise
 74590 | Zot:3    | Noticed a juggernaut
 74590 | Zot:3    | a Killer Klown changed into a juggernaut
 74590 | Zot:3    | XOM: polymorph Killer Klown -> juggernaut
 74611 | Zot:3    | Killed a juggernaut
 74611 | Zot:3    | Reached skill level 15 in Necromancy
 74693 | Zot:3    | XOM: mild Erth miscast
 74883 | Zot:3    | Noticed an orb of fire
 74893 | Zot:3    | XOM: confuse monster(s)
 74901 | Zot:3    | XOM: smoke on damage
 74905 | Zot:3    | Gained mutation: You are frail. (-10% HP) [an orb of fire]
 74908 | Zot:3    | Killed an orb of fire
 75592 | Zot:4    | XOM: divine lightning
 75605 | Zot:4    | Noticed an electric golem
 75622 | Zot:4    | XOM: scenery: create altars
 75636 | Zot:4    | Killed an electric golem
 75679 | Zot:4    | XOM: god gift: 24 gold pieces
 75711 | Zot:4    | XOM: cast spell 'Call Canine Familiar'
 75718 | Zot:4    | XOM: cast spell 'Confusing Touch'
 75879 | Zot:4    | XOM: harmless Ice miscast
 75944 | Zot:4    | XOM: divination: detect items
 75949 | Zot:4    | XOM: divination: detect creatures
 76061 | Zot:4    | XOM: cast spell 'Spider Form'
 76072 | Zot:4    | XOM: divination: detect items
 76092 | Zot:4    | XOM: cast spell 'Spider Form'
 76403 | Zot:4    | XOM: cast spell 'Leda's Liquefaction'
 76414 | Zot:4    | XOM: enchant monster (good)
 76435 | Zot:4    | XOM: cast spell 'Summon Butterflies'
 76439 | Zot:4    | XOM: divination: detect creatures
 76456 | Zot:4    | XOM: cast spell 'Summon Butterflies'
 76460 | Zot:4    | XOM: enchant monster (good)
 76493 | Zot:4    | XOM: divination: detect creatures
 76703 | Zot:4    | XOM: enchant monster (good)
 76743 | Zot:4    | XOM: potion effect (haste)
 76808 | Zot:4    | XOM: cast spell 'Shadow Creatures'
 76966 | Zot:4    | XOM: harmless Summ miscast
 76975 | Zot:4    | Reached skill level 15 in Transmutations
 77013 | Zot:5    | Entered Level 5 of the Realm of Zot
 77293 | Zot:5    | XOM: give mutations
 77293 | Zot:5    | Gained mutation: You can translocate small distances at will. [Xom's grace]
 77293 | Zot:5    | Gained mutation: You have sharp fingernails. [Xom's grace]
 77293 | Zot:5    | Gained mutation: Your flesh is almost immune to the effects of cold. (rC+++) [Xom's grace]
 77313 | Zot:5    | XOM: god gift: scroll of immolation
 77420 | Zot:5    | XOM: summons 14 friendly demons
 77425 | Zot:5    | XOM: polymorph Orb Guardian -> storm dragon
 77509 | Zot:5    | XOM: summons 15 friendly demons
 77656 | Zot:5    | XOM: polymorph Orb Guardian -> Orb Guardian
 77709 | Zot:5    | XOM: mild Necr miscast
 77736 | Zot:5    | XOM: give mutation
 77736 | Zot:5    | Gained mutation: Your flesh is heat resistant. (rF+) [Xom's grace]
 77764 | Zot:5    | XOM: 2-stop teleportation journey
 77910 | Zot:5    | Noticed an ancient lich
 77918 | Zot:5    | Killed an ancient lich
 77952 | Zot:5    | XOM: 8-stop teleportation journey
 78093 | Depths:5 | Voluntarily entered the Abyss.
 78265 | Abyss:2  | XOM: confuse monster(s)
 78325 | Abyss:2  | XOM: enchant monster (good)
 78405 | Abyss:3  | XOM: scenery: create altars
 78431 | Abyss:3  | Found a shimmering altar of Xom.
 78467 | Abyss:3  | XOM: scenery: create altars
 78518 | Abyss:3  | XOM: cast spell 'Confusing Touch'
 78632 | Abyss:3  | XOM: harmless Tmut miscast
 78637 | Abyss:3  | XOM: enchant monster (good)
 78696 | Abyss:3  | XOM: scenery: create altars
 78749 | Abyss:3  | XOM: polymorph shadow dragon -> frost giant
 78781 | Abyss:3  | XOM: medium Ice miscast
 78891 | Abyss:3  | XOM: summons 9 friendly demons
 79049 | Abyss:3  | XOM: scenery: create altars
 79049 | Abyss:3  | Reached skill level 18 in Transmutations
 79089 | Abyss:3  | XOM: enchant monster (good)
 79121 | Abyss:3  | Paralysed by accursed screaming for 2 turns
 79125 | Abyss:3  | XOM: scenery: create altars
 79188 | Abyss:3  | XOM: scenery: create altars
 79236 | Abyss:3  | XOM: enchant monster (good)
 79246 | Abyss:3  | XOM: god gift: 4 javelins of penetration
 79289 | Abyss:3  | XOM: enchant monster (good)
 79305 | Abyss:3  | XOM: fog
 79383 | Abyss:3  | Lost mutation: You have a pair of large horns on your head. [a neqoxec]
 79447 | Abyss:3  | XOM: cleaving
 79467 | Abyss:3  | XOM: cleaving
 79484 | Abyss:3  | Got an abyssal rune of Zot
 79523 | Depths:5 | Escaped the Abyss
 79555 | Zig:1    | Entered Level 1 of a ziggurat
 79573 | Zig:2    | Entered Level 2 of a ziggurat
 79576 | Zig:2    | XOM: fake destruction
 79592 | Zig:3    | Entered Level 3 of a ziggurat
 79659 | Hell     | Entered the Vestibule of Hell
 79659 | Hell     | Noticed Geryon
 79661 | Hell     | XOM: polymorph Geryon -> Geryon
 79665 | Hell     | XOM: summons 12 friendly demons
 79720 | Depths:5 | XOM: give mutations
 79720 | Depths:5 | Lost mutation: You are somewhat resistant to both further mutation and mutation removal. [Xom's grace]
 79720 | Depths:5 | Lost mutation: You are somewhat resistant to further mutation. [Xom's grace]
 79720 | Depths:5 | Gained mutation: You evolve. [Xom's grace]
 79720 | Depths:5 | Lost mutation: You are frail. (-10% HP) [Xom's grace]
 79828 | Depths:5 | XOM: summons friendly iron imp
 80141 | Hell     | XOM: polymorph ice devil -> rust devil
 80157 | Depths:5 | Gained mutation: You heal very quickly. [evolution]
 80157 | Depths:5 | Lost mutation: You evolve. [end of evolution]
 80210 | Hell     | XOM: summons 10 friendly demons
 80211 | Hell     | XOM: harmless Air miscast
 80218 | Hell     | XOM: fake destruction
 80221 | Hell     | XOM: polymorph hell beast -> tormentor
 80297 | Hell     | Killed Geryon
 80352 | Hell     | Found a gateway to the freezing wastes of Cocytus.
 80437 | Hell     | XOM: 1-stop teleportation journey
 80448 | Hell     | XOM: chaos upgrade
 80479 | Hell     | Found a gateway to the Iron City of Dis.
 80548 | Hell     | XOM: give mutations
 80548 | Hell     | Lost mutation: You are very agile. (Dex +4) [Xom's mischief]
 80548 | Hell     | Lost mutation: You are partially covered in rugged brown scales. (AC +1, +3% HP) [Xom's mischief]
 80548 | Hell     | Lost mutation: You can translocate small distances at will. [Xom's mischief]
 80548 | Hell     | Lost mutation: You heal very quickly. [Xom's mischief]
 80629 | Hell     | Found a gateway to the decaying netherworld of Tartarus.
 80715 | Hell     | XOM: summons 3 hostile demons
 80719 | Hell     | XOM: cast spell 'Ice Form'
 80828 | Hell     | XOM: confuse monster(s)
 80851 | Hell     | XOM: enchant monster (bad)
 80941 | Hell     | XOM: fog
 80994 | Hell     | Found a gateway to the ashen valley of Gehenna.
 81308 | Vaults:1 | XOM: harmless Ice miscast
 81324 | Vaults:2 | XOM: polymorph great orb of eyes -> queen ant
 81514 | Tomb:1   | Entered Level 1 of the Tomb of the Ancients
 81630 | Tomb:1   | XOM: swap monsters
 81636 | Tomb:1   | Noticed a greater mummy
 81638 | Tomb:1   | XOM: scenery: create altars
 81639 | Tomb:1   | Noticed a greater mummy
 81672 | Tomb:1   | XOM: harmless Tmut miscast
 81782 | Tomb:1   | XOM: god gift: 4 poisoned tomahawks
 81881 | Tomb:1   | XOM: cleaving
 81891 | Tomb:1   | XOM: divine lightning
 81907 | Tomb:1   | Killed a greater mummy
 82003 | Tomb:1   | XOM: cast spell 'Summon Horrible Things'
 82201 | Tomb:1   | Noticed a greater mummy
 82201 | Tomb:1   | Noticed a greater mummy
 82201 | Tomb:1   | Noticed a greater mummy
 82201 | Tomb:1   | Noticed a greater mummy
 82201 | Tomb:1   | Noticed a greater mummy
 82201 | Tomb:1   | XOM: cleaving
 82202 | Tomb:1   | Noticed a greater mummy
 82202 | Tomb:1   | Noticed a greater mummy
 82204 | Tomb:1   | Reached skill level 21 in Transmutations
 82274 | Tomb:1   | XOM: cleaving
 82476 | Tomb:1   | XOM: summons friendly ufetubus
 82547 | Tomb:1   | XOM: potion effect (curing)
 82555 | Tomb:1   | XOM: summons 3 friendly demons
 82557 | Tomb:1   | XOM: summons 9 friendly demons
 82559 | Tomb:1   | Killed a greater mummy
 82630 | Tomb:1   | XOM: scenery: 5 doors close
 82640 | Tomb:1   | XOM: 3-stop teleportation journey
 82727 | Tomb:1   | XOM: 1-stop teleportation journey
 82791 | Tomb:1   | XOM: destruction
 82880 | Tomb:1   | XOM: cast spell 'Summon Dragon'
 82891 | Tomb:1   | Noticed a greater mummy
 82900 | Tomb:1   | Killed a greater mummy
 82922 | Tomb:2   | XOM: harmless Chrm miscast
 82924 | Tomb:2   | Noticed a greater mummy
 83031 | Tomb:2   | Noticed a greater mummy
 83110 | Tomb:1   | XOM: mild Necr miscast
 83132 | Tomb:2   | Noticed an ancient lich
 83175 | Tomb:1   | Reached skill level 18 in Necromancy
 83237 | Tomb:1   | XOM: silly message
 83330 | Tomb:2   | Noticed a greater mummy
 83333 | Tomb:1   | XOM: mild Conj miscast
 83415 | Tomb:1   | XOM: harmless Tloc miscast
 83421 | Tomb:1   | XOM: scenery: 1 doors open
 83422 | Tomb:1   | XOM: divine lightning
 83433 | Tomb:1   | Killed an ancient lich
 83593 | Tomb:1   | Killed a greater mummy
 83692 | Tomb:2   | XOM: divination: detect items
 83698 | Tomb:1   | HP: 37/233 [greater mummy (13)]
 83749 | Tomb:1   | XOM: god gift: wand of digging (?/24) {god gift}
 83802 | Tomb:1   | XOM: cleaving
 83803 | Tomb:1   | XOM: enchant monster (good)
 83815 | Tomb:1   | Killed a greater mummy
 83910 | Tomb:2   | XOM: cleaving
 83955 | Tomb:2   | XOM: divination: magic mapping
 84049 | Tomb:2   | XOM: fog
 84116 | Tomb:2   | XOM: cast spell 'Shadow Creatures'
 84124 | Tomb:2   | Killed a greater mummy
 84128 | Tomb:2   | XOM: stat loss: -1 Dex (18/19)
 84160 | Tomb:2   | XOM: summons 8 hostile demons
 84317 | Tomb:2   | XOM: 1-stop teleportation journey
 84339 | Tomb:2   | XOM: harmless Fire miscast
 84589 | Tomb:1   | Noticed a greater mummy
 84590 | Tomb:1   | Noticed a greater mummy
 84590 | Tomb:1   | Noticed a greater mummy
 84595 | Tomb:1   | Noticed a greater mummy
 84601 | Tomb:1   | Killed a greater mummy
 84657 | Tomb:2   | XOM: harmless Ice miscast
 84674 | Tomb:2   | Killed a greater mummy
 84674 | Tomb:2   | Reached skill level 20 in Dodging
 84796 | Tomb:2   | Killed a greater mummy
 85001 | Tomb:1   | Killed a greater mummy
 85007 | Tomb:1   | XOM: summons 2 friendly demons
 85017 | Tomb:2   | Killed a greater mummy
 85124 | Tomb:1   | XOM: confuse monster(s)
 85129 | Tomb:1   | XOM: divination: detect creatures
 85132 | Tomb:1   | Killed a greater mummy
 85369 | Tomb:1   | Killed a greater mummy
 85373 | Tomb:1   | XOM: scenery: create altars
 85379 | Tomb:1   | XOM: fog
 85447 | Tomb:2   | XOM: god gift: runed great sword {god gift}
 85468 | Tomb:2   | Killed a greater mummy
 85478 | Tomb:2   | Killed a greater mummy
 85478 | Tomb:2   | Reached skill level 21 in Dodging
 85564 | Tomb:1   | Killed a greater mummy
 85670 | Tomb:1   | Noticed a greater mummy
 85695 | Tomb:1   | Killed a greater mummy
 85716 | Tomb:1   | Noticed a greater mummy
 85761 | Tomb:1   | Noticed a greater mummy
 85762 | Tomb:1   | XOM: divine lightning
 85783 | Tomb:1   | XOM: mild Ice miscast
 85792 | Tomb:1   | XOM: divination: detect creatures
 85912 | Tomb:1   | XOM: summons 3 friendly demons
 85922 | Tomb:1   | Killed a greater mummy
 85932 | Tomb:1   | Killed a greater mummy
 85944 | Tomb:1   | XOM: cloud trail
 86031 | Tomb:1   | Noticed a greater mummy
 86041 | Tomb:1   | Killed a greater mummy
 86076 | Tomb:1   | Noticed a greater mummy
 86090 | Tomb:1   | XOM: destruction
 86115 | Tomb:1   | Killed a greater mummy
 86140 | Tomb:1   | XOM: noise
 86263 | Tomb:1   | Killed a greater mummy
 86456 | Tomb:3   | Entered Level 3 of the Tomb of the Ancients
 86474 | Tomb:3   | XOM: cast spell 'Metabolic Englaciation'
 86475 | Tomb:3   | XOM: confuse monster(s)
 86549 | Tomb:2   | Reached skill level 22 in Dodging
 86866 | Tomb:3   | Noticed an ancient lich
 86873 | Tomb:3   | XOM: noise
 86949 | Tomb:3   | Noticed a greater mummy
 87147 | Tomb:2   | XOM: give mutations
 87147 | Tomb:2   | Lost mutation: You have sharp toenails. [Xom's mischief]
 87147 | Tomb:2   | Lost mutation: Your flesh is almost immune to the effects of cold. (rC+++) [Xom's mischief]
 87159 | Tomb:2   | XOM: divine lightning
 87164 | Tomb:2   | Killed an ancient lich
 87221 | Tomb:3   | Killed a greater mummy
 87431 | Tomb:3   | Noticed an ancient lich
 87446 | Tomb:2   | XOM: potion effect (agility)
 87453 | Tomb:2   | Killed an ancient lich
 87453 | Tomb:2   | Reached skill level 23 in Dodging
 87512 | Tomb:3   | XOM: noise
 87519 | Tomb:3   | Noticed a greater mummy
 87993 | Tomb:3   | XOM: destruction
 88008 | Tomb:3   | Killed a greater mummy
 88012 | Tomb:3   | Noticed a greater mummy
 88016 | Tomb:3   | Noticed a greater mummy
 88028 | Tomb:2   | XOM: scenery: create altars
 88035 | Tomb:2   | Killed a greater mummy
 88160 | Tomb:2   | XOM: cloud trail
 88215 | Tomb:3   | XOM: destruction
 88225 | Tomb:3   | Killed a greater mummy
 88225 | Tomb:3   | XOM: divination: detect creatures
 88231 | Tomb:3   | XOM: god gift: 26 stones
 88365 | Tomb:3   | Noticed a greater mummy
 88487 | Tomb:2   | XOM: give mutations
 88487 | Tomb:2   | Lost mutation: You are agile. (Dex +2) [Xom's mischief]
 88487 | Tomb:2   | Lost mutation: Your flesh is very cold resistant. (rC++) [Xom's mischief]
 88487 | Tomb:2   | Lost mutation: Your mind is very acute. (Int +4) [Xom's mischief]
 88802 | Tomb:3   | XOM: cast spell 'Necromutation'
 88808 | Tomb:3   | Killed a greater mummy
 88837 | Tomb:3   | Noticed a greater mummy
 88855 | Tomb:3   | XOM: scenery: create altars
 88857 | Tomb:3   | Killed a greater mummy
 88937 | Tomb:3   | XOM: 2-stop teleportation journey
 88962 | Tomb:3   | Identified the +0 pair of gloves of Lugonu's Regard {rN+} (You found it on level 3 of the Tomb of the Ancients)
 89034 | Tomb:3   | Identified the Almanac of the Congealing Rocks
 89036 | Tomb:3   | Identified the +1 pair of boots of the Bard {MP-9 Dex+7} (You found it on level 3 of the Tomb of the Ancients)
 89039 | Tomb:3   | Identified the ring "Trusted Companion" {rF++ MP+9 SInv} (You found it on level 3 of the Tomb of the Ancients)
 89092 | Tomb:3   | Got a golden rune of Zot
 89119 | Tomb:3   | Noticed a greater mummy
 89145 | Tomb:3   | Killed a greater mummy
 89158 | Tomb:3   | XOM: chaos cloud
 89331 | Tomb:3   | Got a shimmering platinum ring
 89333 | Tomb:3   | Identified the ring of Haiciah {Fire rN+} (You found it on level 3 of the Tomb of the Ancients)
 89667 | Tomb:2   | XOM: give mutation
 89667 | Tomb:2   | Lost mutation: You have a beak for a mouth. [Xom's mischief]
 89767 | Tomb:1   | Reached skill level 24 in Dodging
 90267 | Dis:1    | Entered Level 1 of the Iron City of Dis
 90511 | Dis:4    | XOM: noise
 90542 | Dis:4    | XOM: 4-stop teleportation journey
 90601 | Dis:5    | XOM: divine lightning
 90727 | Dis:5    | XOM: harmless Tmut miscast
 90837 | Dis:5    | XOM: scenery: 1 doors close
 90958 | Dis:5    | XOM: cast spell 'Dispersal'
 90978 | Dis:5    | XOM: noise
 91105 | Dis:6    | XOM: harmless Fire miscast
 91306 | Dis:6    | XOM: divination: detect creatures
 91324 | Dis:6    | XOM: 4-stop teleportation journey
 91378 | Dis:7    | Entered Level 7 of the Iron City of Dis
 91404 | Dis:7    | Got a scorched leather armour
 91483 | Dis:7    | Reached skill level 25 in Dodging
 91550 | Dis:7    | XOM: harmless Hex miscast
 91703 | Dis:7    | XOM: summons 3 friendly demons
 91737 | Dis:7    | XOM: summons 8 friendly demons
 91758 | Dis:7    | XOM: noise
 91812 | Dis:7    | XOM: noise
 91913 | Dis:7    | XOM: chaos upgrade
 91940 | Dis:7    | HP: 38/233 [iron giant/iron giant (26)]
 91941 | Dis:7    | HP: 15/233 [iron giant/giant club of chaos (25)]
 91953 | Dis:7    | XOM: swap monsters
 91960 | Dis:7    | XOM: summons friendly quasit
 92052 | Dis:7    | XOM: summons friendly shadow imp
 92060 | Dis:7    | XOM: summons friendly crimson imp
 92074 | Dis:7    | XOM: scenery: 3 doors close
 92093 | Dis:7    | XOM: divine lightning (protected)
 92094 | Dis:7    | XOM: 1-stop teleportation journey
 92211 | Dis:7    | XOM: medium Hex miscast
 92219 | Dis:7    | XOM: blink monster(s)
 92274 | Dis:7    | XOM: harmless Necr miscast
 92281 | Dis:7    | XOM: divine lightning
 92285 | Dis:7    | XOM: harmless Divn miscast
 92286 | Dis:7    | XOM: summons 2 hostile shadow creatures
 92319 | Dis:7    | HP: 42/233 [Hell Sentinel/damnation (29)]
 92567 | Pan      | Entered Pandemonium
 92567 | Pan      | Noticed Sienuxt the pandemonium lord
 92571 | Pan      | HP: 46/233 [Sienuxt the pandemonium lord (19)]
 92572 | Pan      | Killed from afar by a Hell Sentinel

Vault maps used:
D:1:      shiori_arrival_elements, minmay_unequal
D:2:      lemuel_upstairs_altar, overflow_temple_1_default,
          nicolae_ru_great_annihilating_truth, first_bread,
          nemelex_xobeh_ov_fountains_minmay
D:3:      xom_teletrap_fun, lemuel_round_altar, marbit_many_paths
D:4:      fedhas_bush_and_centaur_altar, nicolae_overflow_hidden_temple
D:5:      evilmike_ruin_ashenzari, basic_altar
D:6:      portal_sewer_entry_c
D:7:      minmay_misc_feat_chi
D:8:      erik_lair_island, serial_shops, shop, uniq_erica
D:9:      lemuel_ice_statue, david_nohive_1, yredelemnul_altar_generic,
          uniq_psyche
D:10:     orc_0_dummy, serial_shops, nicolae_shop_waterfront, trog_book
D:11:     basic_altar, minmay_misc_feat_nine_boxes, statue_in_the_mist_lemuel,
          minivault_26
D:13:     grunt_vaults_entry_tiered, nicolae_water_bricks
D:14:     minmay_misc_feat_pillars, minivault_15, uniq_rupert
D:15:     grunt_enter_depths_giant_problem, basic_altar
Lair:1:   infiniplex_staircase_pool
Lair:2:   guppyfry_snake_entry_island, grunt_megastairs_1
Lair:3:   minivault_25, grunt_megastairs_5
Lair:4:   swamp_mist, basic_altar
Lair:5:   minmay_slime_entry_jelly_boxes
Lair:6:   hangedman_lair_caniforms_friends, hangedman_lair_in_review,
          st_stairs_8, uniq_josephine
Swamp:1:  cheibrodos_swamp_tower_of_moss, evilmike_swamp_ruin_house_3,
          swamp_pool3, hangedman_swamp_wriggling
Swamp:2:  hangedman_swamp_ruin_hall, swamp_pool4
Swamp:3:  evilmike_swamp_ruin_house_5, swamp_pool1
Swamp:4:  swamp
Snake:1:  grunt_ministairs_7, hangedman_venom_bottle, serial_bayou_shore_b
Snake:2:  spider_trap, nicolae_alphabet_shops
Snake:3:  cheibrodos_snake_ritualist_ritual, serial_shops, shop
Snake:4:  grunt_snake_rune_serpentine_throne, basic_altar,
          hangedman_snake_pattern, nicolae_snake_horde_hoard
Orc:1:    basic_altar
Orc:2:    pf_orc_diabolical
Elf:1:    eino_elf_arrival_sip, serial_co_window_serial, co_window_cross_1,
          co_window_paths_a, co_window_corner_a, co_window_of_opportunity_a,
          co_window_of_opportunity_a, co_window_unsneaky_path_d,
          co_window_broadway_a, co_window_unsneaky_path_d, co_window_paths_c,
          co_window_paths_c, glass_columns_b, glass_columns_b, glass_columns_a,
          orc_legates, st_stairs_3, abandoned_shop, uniq_aizul
Elf:2:    basic_altar, lemuel_flame_loot_1
Elf:3:    nooodl_elf_gasket
Vaults:1: nicolae_vaults_rhombus_5, v_misc_28, v_alt_pattern_6, v_misc_4,
          st_hourglassy, nicolae_vaults_rhombus_7, ontoclasm_vaults_gateway,
          nicolae_vaults_theta, v_misc_17, nicolae_vaults_shelves_hall
Vaults:2: nicolae_vaults_octagons, minmay_crypt_entry_simple_round,
          vaults_dpeg_hooks, v_misc_28, hangedman_vaults_capsules,
          hangedman_vaults_corner, v_pattern_3, vaults_mumra_hexcomb, v_rooms_4,
          ontoclasm_vaults_idyll, vaults_dpeg_diagonal, vaults_room_semicircle,
          uniq_frederick
Vaults:3: v_pattern_4, vaults_mumra_chevron_long,
          nicolae_vaults_little_squares_4, v_misc_22, vaults_dpeg_encased_lava,
          v_alt_pattern_2, v_misc_1, stair_cage_open
Vaults:4: dpeg_vaults_monster_box, vaults_room_corners, v_alt_pattern_3,
          hangedman_vaults_pinch, v_pattern_2, vaults_room_door_ring, v_misc_15,
          nicolae_vaults_windows_and_doors_thing, hangedman_vaults_trim,
          nicolae_vaults_meeting, ontoclasm_vaults_bender,
          hangedman_vaults_stretched_pinwheel, v_misc_19, vaults_room_grid,
          hangedman_vaults_stretched_pinwheel
Crypt:1:  uniq_mennas, uniq_boris
Crypt:2:  grunt_deathspiral_small
Crypt:3:  evilmike_haunted_forest
Depths:1: serial_shops, statue_bzr, nicolae_shop_waterfront, shop,
          pf_vacation_house_of_asmodeus, minmay_the_grid_2x2, uniq_nikola
Depths:2: kennysheep_room_grid, minmay_misc_feat_five, serial_column_ruins,
          column_ruins_temple_circle, column_ruins_square_medium,
          column_ruins_columns_straight, column_ruins_grid_1,
          column_ruins_columns_corner, column_ruins_open_tiny, pf_coc_iceberg,
          uniq_asterion
Depths:3: evilmike_diamond_2, grunt_decor_cap, grunt_pan_entry_zigzag,
          hell_entry, st_stairs_6, infiniplex_staircase_hallway_doors,
          uniq_boris, uniq_saint_roka, uniq_mara
Depths:4: cheibrodos_tormentor_scu, hell_entry, hangedman_abyss_entry_splay,
          hangedman_decor_opposing, guppyfry_shop_earth, minmay_staircase_bubble
Depths:5: grunt_crosshair, enter_ziggurat_e, grunt_metal_band,
          serial_bayou_lagoon_a, nicolae_abyss_entry_one_way_or_another,
          pan_entry
Dis:4:    hangedman_dis_decor_blocks_crown
Dis:7:    dis_grunt_layers
Zot:2:    grunt_megastairs_4
Zot:3:    basic_stair_grate_trap
Zot:4:    st_stairs_3, hangedman_zot_wheel_spokes
Pan:      pan_disco_hall, nicolae_pan_gloorx_vloqian_4
Bazaar:   bazaar_lake
Sewer:    sewer_co_purgy_island

Action                   |  1- 3 |  4- 6 |  7- 9 | 10-12 | 13-15 | 16-18 | 19-21 | 22-24 | 25-27 || total
-------------------------+-------+-------+-------+-------+-------+-------+-------+-------+-------++-------
Melee: Falchion          |    91 |   132 |   251 |       |       |       |       |       |       ||   474
       Kick              |       |       |   156 |   254 |   586 |   395 |       |       |       ||  1391
       Headbutt          |       |       |    87 |   187 |   239 |       |       |    34 |  2555 ||  3102
       Great sword       |       |       |    72 |    17 |       |    69 |   301 |    30 |       ||   489
       Scimitar          |       |       |       |   227 |    39 |    10 |       |       |  1827 ||  2103
       Triple sword      |       |       |       |   298 |  1174 |  1034 |  1572 |  1237 |  5479 || 10794
       Unarmed           |       |       |       |       |       |     2 |     9 |       |       ||    11
       Tailslap          |       |       |       |       |       |       |     4 |       |       ||     4
       Bite              |       |       |       |       |       |       |     2 |    25 |   772 ||   799
       Peck              |       |       |       |       |       |       |       |       |   998 ||   998
Throw: Stone             |       |       |       |       |       |       |     1 |       |    24 ||    25
 Cast: Repel Missiles    |       |       |       |       |       |     3 |    24 |    12 |    31 ||    70
       Regeneration      |       |       |       |       |       |    18 |    67 |    26 |   157 ||   268
       Necromutation     |       |       |       |       |       |       |       |       |   115 ||   115
 Abil: End Transformatio |       |       |       |       |       |       |       |       |     3 ||     3
       Blink             |       |       |       |       |       |       |       |       |     1 ||     1
Evoke: Wand              |       |       |       |     5 |     7 |       |    17 |    11 |    54 ||    94
  Use: Potion            |     1 |     5 |     2 |     5 |     9 |     3 |     7 |     1 |    29 ||    62
       Scroll            |       |     2 |    20 |     7 |    27 |    20 |    10 |    11 |    53 ||   150
 Stab: Petrified         |       |    12 |     7 |       |     2 |     7 |       |       |     9 ||    37
       Petrifying        |       |     1 |     1 |       |     1 |       |       |       |     1 ||     4
       Distracted        |       |     1 |       |     1 |     1 |     1 |     1 |       |    16 ||    21
       Sleeping          |       |       |     1 |     1 |     1 |       |       |       |     6 ||     9
       Paralysed         |       |       |     1 |       |       |       |     1 |       |     1 ||     3
       Confused          |       |       |     2 |     1 |     5 |     6 |    11 |    11 |    20 ||    56
       Invisible         |       |       |       |       |       |    13 |     4 |       |       ||    17
  Eat: Chunk             |     1 |     6 |    12 |    14 |    29 |     8 |    19 |    23 |    83 ||   195
       Pizza             |       |       |       |     2 |       |     1 |     1 |     1 |     5 ||    10
       Beef jerky        |       |       |       |     2 |     2 |    19 |     1 |     2 |     7 ||    33
       Royal jelly       |       |       |       |     3 |     2 |       |    14 |     3 |     7 ||    29
       Fruit             |       |       |       |     1 |       |     1 |     3 |     1 |     1 ||     7
       Meat ration       |       |       |       |       |       |       |       |       |     6 ||     6
       Bread ration      |       |       |       |       |       |       |       |       |     3 ||     3
Armor: Leather armour    |    40 |    26 |    21 |       |       |       |       |       |  1512 ||  1599
       Plate armour      |       |       |   171 |   370 |    76 |       |       |   225 |  1559 ||  2401
       Skin              |       |       |       |     3 |       |     2 |     1 |       |       ||     6
       Scale mail        |       |       |       |       |   726 |   707 |  1219 |   529 |       ||  3181
Dodge: Dodged            |    48 |    75 |   122 |   273 |   950 |   779 |  1028 |   519 |  6682 || 10476
       Deflected         |       |       |       |       |       |    25 |   135 |    38 |   152 ||   350
Block: Other             |       |       |    27 |    95 |   123 |       |       |       |       ||   245
       Rpst.: Falchion   |    19 |    21 |    26 |       |       |       |       |       |       ||    66
       Great sword       |       |       |    10 |     2 |       |     6 |    14 |     5 |       ||    37
       Scimitar          |       |       |       |    31 |     7 |     1 |       |       |   671 ||   710
       Triple sword      |       |       |       |    51 |   242 |   173 |   237 |   102 |   728 ||  1533
